Workbook

Sheet Budget Vs Actual Format
A1: Cash Budget Vs Actual Comparison -June'24 | B1: Income for June'24 | E1: usd 8150 | G1: MMK-25300000
A2: BU: IS BU | E2: Exchange Rate | F2: 4060
A3: COA | B3: Budget (USD) | C3: Budget (MMK) | D3: Actual (USD) | E3: Actual (MMK) | F3: Variance (USD) | G3: Variance (MMK)
A4: OPEX
A5: 61010009 Tools and Equipment | C5: 100000 | F5: =D5-B5 -> 0 | G5: =E5-C5 -> -100000
A6: 61010011 Travelling cost of sale team | F6: =D6-B6 -> 0 | G6: =E6-C6 -> 0
A7: 61010027 Employee Social Insurance | F7: =D7-B7 -> 0 | G7: =E7-C7 -> 0
A8: 61001032 Admin - Commission and Incentive | F8: =D8-B8 -> 0 | G8: =E8-C8 -> 0
A9: 62010001 Admin - Advertising Expenses | C9: ='IS Budget Request Format '!L5 -> 60000 | E9: =40000 -> 40000 | F9: =D9-B9 -> 0 | G9: =E9-C9 -> -20000 | H9: 6500000Ks ( Due to VCM's Instruction)
A10: 62010002 Admin - Audit Fees | F10: =D10-B10 -> 0 | G10: =E10-C10 -> 0
A11: 62010003 Admin - Bank Charges | F11: =D11-B11 -> 0 | G11: =E11-C11 -> 0
A12: 62010005 Admin - Car Fuel Expenses | C12: ='IS Budget Request Format '!L7 -> 1370000 | E12: =200000+120000+200000+50000+250000+70000+110000+40000+70000 -> 1110000 | F12: =D12-B12 -> 0 | G12: =E12-C12 -> -260000
A13: 62010006 Admin - Car Licence Charges | F13: =D13-B13 -> 0 | G13: =E13-C13 -> 0
A14: 62010007 Admin - Car Repair & Maintenance Charges | F14: =D14-B14 -> 0 | G14: =E14-C14 -> 0
A15: 62010008 Admin - Communication & Telephone Expenses | F15: =D15-B15 -> 0 | G15: =E15-C15 -> 0
A16: 62010009 Admin - Computer & Copier Repair Charges | F16: =D16-B16 -> 0 | G16: =E16-C16 -> 0
A17: 62010010 Admin - Copy and Binding Charges | F17: =D17-B17 -> 0 | G17: =E17-C17 -> 0
A18: 62010012 Admin - Dhl Charges | F18: =D18-B18 -> 0 | G18: =E18-C18 -> 0
A19: 62010013 Admin - Donation Expenses | F19: =D19-B19 -> 0 | G19: =E19-C19 -> 0
A20: 62010014 Admin - Electricity Expenses | F20: =D20-B20 -> 0 | G20: =E20-C20 -> 0
A21: 62010015 Admin - Employee Bonus | F21: =D21-B21 -> 0 | G21: =E21-C21 -> 0
A22: 62010016 Admin - Employee Overtime Charges | C22: ='IS Budget Request Format '!L15 -> 20000 | E22: =50400+22200 -> 72600 | F22: =D22-B22 -> 0 | G22: =E22-C22 -> 52600
A23: 62010017 Admin - Employee Salary Expenses | F23: =D23-B23 -> 0 | G23: =E23-C23 -> 0
A24: 62010019 Admin - Employee Training Expenses - Local | F24: =D24-B24 -> 0 | G24: =E24-C24 -> 0
A25: 62010021 Admin - Employee Travelling Expenses - oversea Trip | F25: =D25-B25 -> 0 | G25: =E25-C25 -> 0
A26: 62010021 Admin - Employee Travelling Expenses - Local Trip | C26: ='IS Budget Request Format '!L18 -> 1205000 | E26: =300000+50000+50000+425000+300000+9000+19800 -> 1153800 | F26: =D26-B26 -> 0 | G26: =E26-C26 -> -51200
A27: 62010023 Admin - Employee Uniform Expenses | F27: =D27-B27 -> 0 | G27: =E27-C27 -> 0
A28: 62010024 Admin - Employee Welfare Expenses | C28: ='IS Budget Request Format '!L20 -> 96000 | E28: =36000 -> 36000 | F28: =D28-B28 -> 0 | G28: =E28-C28 -> -60000
A29: 62010025 Admin - Entertainment Expenses | F29: =D29-B29 -> 0 | G29: =E29-C29 -> 0
A30: 62010026 Admin - Gift & Present Expenses | F30: =D30-B30 -> 0 | G30: =E30-C30 -> 0
A31: 62010027 Admin - Miscellaneous Expenses | F31: =D31-B31 -> 0 | G31: =E31-C31 -> 0
A32: 62010028 Admin - Office Rental Expenses | F32: =D32-B32 -> 0 | G32: =E32-C32 -> 0
A33: 62010029 Admin - Office Repair & Maintenance Charges | F33: =D33-B33 -> 0 | G33: =E33-C33 -> 0
A34: 62010030 Admin - Office Supplies Expenses | C34: ='IS Budget Request Format '!L24 -> 0 | F34: =D34-B34 -> 0 | G34: =E34-C34 -> 0
A35: 62010031 Admin - Printing and Stationery | F35: =D35-B35 -> 0 | G35: =E35-C35 -> 0
A36: 61001032 Admin - Commission and Incentive | F36: =D36-B36 -> 0 | G36: =E36-C36 -> 0
A37: 62010035 Admin - Employee Party Expenses | F37: =D37-B37 -> 0 | G37: =E37-C37 -> 0
A38: 62010036 Admin - Legal Fees | F38: =D38-B38 -> 0 | G38: =E38-C38 -> 0
A39: 62010037 Admin - R & D Expenses | F39: =D39-B39 -> 0 | G39: =E39-C39 -> 0
A40: 62010038 Admin- Labour Cost | F40: =D40-B40 -> 0 | G40: =E40-C40 -> 0
A41: 62010040 Admin- Taxes, fees and charges | F41: =D41-B41 -> 0 | G41: =E41-C41 -> 0
A42: 62010041 Admin- External service cost | F42: =D42-B42 -> 0 | G42: =E42-C42 -> 0
A43: 62010046 Admin - Stock Maintenance (units,parts) | C43: ='IS Budget Request Format '!L25 -> 200000 | E43: 200000 | F43: =D43-B43 -> 0 | G43: =E43-C43 -> 0
A44: 62010049 Admin - Car Bridge Charges Expenses | F44: =D44-B44 -> 0 | G44: =E44-C44 -> 0
A45: 62010050 Admin - Generator & Other Machine repair and Maintain | F45: =D45-B45 -> 0 | G45: =E45-C45 -> 0
A46: 62010051 Admin - Employee Transportation & Ferry Charges | F46: =D46-B46 -> 0 | G46: =E46-C46 -> 0
A47: 62010052 Admin - Employee Meal Allowance | F47: =D47-B47 -> 0 | G47: =E47-C47 -> 0
A48: 62010053 Admin - Employee Medical Expenses | F48: =D48-B48 -> 0 | G48: =E48-C48 -> 0
A49: 62010054 Admin - Employee SSB Expenses | C49: ='IS Budget Request Format '!L27 -> 450000 | E49: 400000 | F49: =D49-B49 -> 0 | G49: =E49-C49 -> -50000
A50: 62010056 Admin - Operation Expenses | C50: 50000 | E50: =7600+50000 -> 57600 | F50: =D50-B50 -> 0 | G50: =E50-C50 -> 7600
A51: 62010057 Admin - Machine Rental Chgs | F51: =D51-B51 -> 0 | G51: =E51-C51 -> 0
A52: 62010078-006 Admin-YCDC an Related Other Tax Charge-IS | F52: =D52-B52 -> 0 | G52: =E52-C52 -> 0
A53: 62010059 Admin - Machine Repair & Maintenance
A54: 62010076-006 Admin-Tools & Equipment-IS | F54: =D54-B54 -> 0 | G54: =E54-C54 -> 0
A55: Urgent Budget For Admin ( Generator Repair) | C55: 450000 | E55: 450000
A56: TOTAL OPEX | B56: =SUM(B5:B54) -> 0 | C56: =SUM(C5:C55) -> 4001000 | D56: =SUM(D5:D54) -> 0 | E56: =SUM(E5:E55) -> 3520000 | F56: =SUM(F5:F54) -> 0 | G56: =SUM(G5:G54) -> -481000
A57: Conbined Amount(MMK) | C57: =(B56*G2)+C56 -> 4001000 | E57: =(D56*G2)+E56 -> 3520000 | G57: =E57-C57 -> -481000
B58: OPEX Variance % | G58: =G57/C57 -> -0.12021995 | H58: Measurement for Salary
A60: COGS
A61: 51020046COGS - Spare Parts | C61: ='IS Budget Request Format '!L40 -> 15300000 | E61: =1044000+182000+1500000+1200000+75000+1500000+55000+3731400 -> 9287400 | F61: =D61-B61 -> 0 | G61: =E61-C61 -> -6012600
A62: 51010054 COGS - Commission Units | F62: =D62-B62 -> 0 | G62: =E62-C62 -> 0
A63: 51010061 COGS - Units Licence And Duty Cost | F63: =D63-B63 -> 0 | G63: =E63-C63 -> 0
A64: 50000000-006-Cost of Goods Sold - Units | B64: ='IS Budget Request Format '!M36 -> 0 | C64: ='IS Budget Request Format '!L36 -> 1700000 | D64: 1000 | E64: =600000+1000000 -> 1600000 | F64: =D64-B64 -> 1000 | G64: =E64-C64 -> -100000
A65: 51040005- Cost of Rental | C65: ='IS Budget Request Format '!L39 -> 500000 | E65: =65000+200000+128000+33000 -> 426000 | F65: =D65-B65 -> 0 | G65: =E65-C65 -> -74000
A66: Transportation Charges-Units | F66: =D66-B66 -> 0 | G66: =E66-C66 -> 0
A67: Urgent Budget for Service/Spart | C67: =512745+1116000+830600+2687800 -> 5147145 | E67: =512745+1116000+830600+2687800 -> 5147145 | F67: =D67-B67 -> 0 | G67: =E67-C67 -> 0
A68: Urgent Budget for Sale | C68: =300000 -> 300000 | E68: =300000 -> 300000
A69: Repossess Expenses | F69: =D69-B69 -> 0 | G69: =E69-C69 -> 0
A70: TOTAL COGS | B70: =SUM(B61:B69) -> 0 | C70: =SUM(C61:C69) -> 22947145 | D70: =SUM(D61:D69) -> 1000 | E70: =SUM(E61:E69) -> 16760545 | F70: =SUM(F61:F69) -> 1000 | G70: =SUM(G61:G69) -> -6186600 | H70: =G70/C70 -> -0.26960217
A72: Fixed Assets(CAPEX)
A73: [15025000] FA - Furniture and Fixture | F73: =D73-B73 -> 0 | G73: =E73-C73 -> 0
A74: [15020001] FA - Computer and Electrical Equipment
A75: [15024000] FA - Motor Vehicle
A76: TOTAL CAPEX | B76: =SUM(B73:B75) -> 0 | D76: =SUM(D73:D75) -> 0 | F76: =SUM(F73:F75) -> 0 | G76: =SUM(G73:G75) -> 0
A78: TOTAL Monthly Cash Budget Vs Actual Comparison | B78: =B56+B70+B76 -> 0 | C78: =C56+C70+C76 -> 26948145 | D78: =D56+D70+D76 -> 1000 | E78: =E56+E70+E76 -> 20280545 | F78: =F56+F70+F76 -> 1000 | G78: =G56+G70+G76 -> -6667600
G79: =E78/C78 -> 0.75257666
A80: Prepared By BU Finance | B80: Checked by F&A | D80: Approved By (AGM) | G80: Approved By (Vice Chairman)
A84: Khin Yadanar Htun,Daw | B84: Zin Ko Htwe,U | D84: Chit San Ko,U | G84: Aye Min Htoon,U
A92: Remark;Don't change COA .If It is not included COA ,Please take COA from ERP Software.

Sheet Details
A1: 51020046COGS - Spare Parts
A2: Date | B2: PV/RV | D2: BU | E2: Name | F2: Description | G2: RV | H2: PV
A3: 45449 | B3: IS-A-PRT-019-06-24 | C3: ADV-IS-2024-06-00139 | D3: IS | E3: KYU KYU WIN | F3: ADV FOR SPART DEPT; LOCAL PURCHASE(BATTERY) IS-A-PRT-019-06-24 | H3: 1044000
A4: 45457 | C4: UBG-IS-2024-06-00002 | D4: IS | E4: Soe Myat Mon | F4: ADV PAY FOR SPARTS DEPT;THERMOSTAT LOCAL PURCHASE IS-A-PRT-020-06-24 {78-LP0-202406035;MC MODEL-FD50NT,SRNO-CF19D-80308 & CF19D-80350 }MMK-182,000/- | H4: 182000
A5: 45457 | C5: UBG-IS-2024-06-00007 | D5: IS | E5: Kyu Kyu Win | F5: ADV PAY FOR SPARTS DEPT;S'PARTS LOCAL PURCHASE IS-A-PRT-018-05-24 {78-LP0-202405033 FOR CUSTOMER AYAR NADI(DWI BR) FD30NT,CF14E-16429 }MMK-1,500,000/- | H5: 1500000
A6: 45457 | C6: UBG-IS-2024-06-00015 | D6: IS | E6: Kyu Kyu Win | F6: ADV PAY FOR SPARTS DEPT;FORK EXTENSION LOCAL PURCHASE IS-A-PRT-021-06-24 {78-LP0-202406036;MC MODEL-FD50CNT,SRNO-CF19D-80349 }MMK-1,200,000/- | H6: 1200000
A7: 45457 | C7: UBG-IS-2024-06-00018 | D7: IS | E7: Soe Myat Moe | F7: ADV PAY FOR SPARTS DEPT;S'PARTS LOCAL PURCHASE IS-A-PRT-023-06-24 {78-LP0-202406037 FOR CUSTOMER FM INDUSTRIAL(WARRANTLY) FD20NT,CF18C-30050 }MMK-75,000/- | H7: 75000
A8: 45457 | C8: UBG-IS-2024-06-00024 | D8: IS | E8: Kyu Kyu Win | F8: ADV PAY FOR SPARTS DEPT;S'PARTS LOCAL PURCHASE IS-A-PRT-022-06-24 {78-LP0-202406038 FOR CUSTOMER YANDANAR CHANCELLOR FD50NT,CF19D-80308 & CF19D-80350 }MMK-1,500,000/- | H8: 1500000
A9: 45457 | C9: UBG-IS-2024-06-00027 | D9: IS | E9: Kyu Kyu Win | F9: ADV PAY FOR SPARTS DEPT;S'PARTS LOCAL PURCHASE IS-A-017-05-24 {78-LP0-202405032 TO USE RENTAL FORKLIFT MFD50R,A3AF05599 }MMK-55,000/- | H9: 55000
A10: 45462 | C10: UBG-IS-2024-06-00046 | D10: IS | E10: KYU KYU WIN | F10: ADV PAY FOR SPART'S;TYRE 4PCS LOCAL PURCHASE IS-A-PRT-024-06-24(78-LPO-202406039 -CUSTOMER SHWE WAH YAUNG, FD30S, CF51-12080)MMK-3,731,400/- | H10: 3731400
A15: Urgent Budget for Service/Spart
A17: 45449 | B17: IS-A-PRT-019-06-24 | C17: ADV-IS-2024-06-00139 | D17: IS | E17: KYU KYU WIN | F17: ADV FOR SPART DEPT; LOCAL PURCHASE(BATTERY) IS-A-PRT-019-06-24 | H17: 512745
A18: 45462 | C18: UBG-IS-2024-06-00047 | D18: IS | E18: KYU KYU WIN | F18: ADV PAY FOR SPART'S;TYRE 4PCS LOCAL PURCHASE IS-A-PRT-025-06-24(78-LPO-202406040 -CUSTOMER SOUTH LAND MYANMAR, MFD30R, F4AH31086)MMK-1,116,000/- | H18: 1116000
A19: 45463 | C19: UBG-IS-2024-06-00050 | D19: IS | E19: KYU KYU WIN | F19: ADV PAY FOR SPART'S DEPT;LOCAL PURCHASE IS-A-PRT-026-06-24(78-LPO-202406041 -CUSTOMER YADANAR ADIPADI (PHK BR)MODEL-FD30NT)MMK-830,600/- | H19: 830600
A20: 45463 | C20: UBG-IS-2024-06-00051 | D20: IS | E20: KYU KYU WIN | F20: ADV PAY FOR SPART'S;LOCAL PURCHASE IS-A-PRT-027-06-24(78-LPO-202406042 -CUSTOMER DAWEI BR-MC-T300E,SR-30082270, )MMK-2,687,800/- | H20: 2687800
A22: 62010021 Admin - Employee Travelling Expenses - Local Trip
A24: 45449 | B24: IS-A-PRT-019-06-24 | C24: ADV-IS-2024-06-00139 | D24: IS | E24: KYU KYU WIN | F24: ADV FOR SPART DEPT; LOCAL PURCHASE(BATTERY) IS-A-PRT-019-06-24 | H24: 300000
A25: 45457 | C25: UBG-IS-2024-06-00008 | D25: IS | E25: New Thazin | F25: ADV PAY FOR SALE DEPT; MARKET VISIT FOR NYAUNG OO-BR JUN'24 MMK-50,000/-(PIC-THAN HTIKE SWE) | H25: 50000
A26: 45457 | C26: UBG-IS-2024-06-00011 | D26: IS | E26: New Thazin | F26: ADV PAY FOR SALE DEPT; MARKET VISIT FOR MEIKHTILAR-BR JUN'24 MMK-50,000/-(PIC-THAN HTIKE SWE) | H26: 50000
A27: 45457 | C27: UBG-IS-2024-06-00016 | D27: IS | E27: New Thazin | F27: ADV PAY FOR SALE DEPT; TRAVELLING CHGS 30DAYS SM-THAN HTIKE SWE MDY-BR JUN'24 MMK-425,000/- | H27: 425000
A28: 45457 | C28: UBG-IS-2024-06-00034 | D28: IS | E28: Htet Htet Wai | F28: CASH PAY FOR RENTAL DEPT;TA CHGS MATADOR 10TONS JOBSITE RENTAL OPERATOR FOR 1M (26-APR'24~25-MAY'24) MMK-300,000/- | H28: 300000
A29: 45464 | C29: AC-IS-2024-01-00037 | D29: IS | E29: NWE THAZIN | F29: ADV CLEAR FOR SALE DEPT;NPT-BR-VISIT FOR MAY'24 PIC-THAN HTIKE SWE ,MMK-ADV-50,000/-;(05/53050)-16-MAY'24;EXP -59,000/-;ADD-9,000/- | H29: 9000
A30: 45464 | C30: AC-IS-2024-01-00032 | D30: IS | E30: NWE THAZIN | F30: ADV CLEAR FOR SALE DEPT;IGY-TRIP-BR VISIT FOR MAR'24 PIC-THAN HTIKE SWE ,MMK-ADV-50,000/-;(05/53051)-16-MAY'24;EXP -69,800/-;ADD-19,800/- | H30: 19800
A34: 62010001 Admin - Advertising Expenses
A35: 45457 | C35: UBG-IS-2024-06-00003 | D35: IS | E35: New Thazin | F35: ADV PAY FOR SALE DEPT;STRICKER FOR FORKLIFT SHANTUI LOGO, MITSUBISHI 5TON LOGO & MATADOR 1.5TON (1 MMK-40,000/- | H35: 40000
A38: 50000000-006-Cost of Goods Sold - Units
A40: 45457 | C40: UBG-IS-2024-06-00004 | D40: IS | E40: Ma Khaing Zin Oo | F40: ADV PAY FOR SERVICE DEPT; MACHINE REPAIR FOR JUN'24 M-LIFT BATTERY,LF54-7DS BOLT NUT & ACCESSORIES, T12(SR NO-10701864) MMK-600,000/- | H40: 600000
A41: 45457 | C41: UBG-IS-2024-06-00009 | D41: IS | E41: Ma Khaing Zin Oo | F41: ADV PAY FOR SERVICE DEPT; PAINTING CHGS EXHAUST FAN 19U-MODEL(LF54-7DS),MITSUBISHI-FD 50NT(CF 19D-80308),(CF-19D-80350) -MMK-1,000,000/- | H41: 1000000
A42: 45464 | C42: UBG-IS-2024-06-00045 | D42: IS | E42: NWE THAZIN | F42: CASH PAY FOR BROKER CHGS ; (U KYAW HTAY -YANDANAR CHANCELLOR) FD50CNT-2UNITS SR.N0-CF19D-80308/SR.N0-CF19D-80350, MMK-4,160,000/- | I42: 1000
A46: 62010046 Admin - Stock Maintenance (units,parts)
A48: 45457 | C48: UBG-IS-2024-06-00005 | D48: IS | E48: Ma Khaing Zin Oo | F48: ADV PAY FOR SERVICE DEPT; STOCK MAINTENANCE CHGS FOR JUN'24 (PIC-YE KO KO) MMK-200,000/- | H48: 200000
A50: 62010005 Admin - Car Fuel Expenses
A52: 45457 | C52: UBG-IS-2024-06-00012 | D52: IS | E52: Ma Khaing Zin Oo | F52: ADV PAY FOR SERVICE DEPT; CAR FUEL CHGS 4M-8616 FOR JUN'24 MMK-200,000/- | H52: 200000
A53: 45457 | C53: UBG-IS-2024-06-00020 | D53: IS | E53: Htet Htet Wai | F53: ADV PAY FOR RENTAL DEPT;CAR FUEL CHGS 9F/5354 JUN'24 MMK-120,000/- | H53: 120000
A54: 45457 | C54: UBG-IS-2024-06-00021 | D54: IS | E54: New Thazin | F54: ADV PAY FOR SALE DEPT;CAR FUEL CHGS 5B/7543 JUN'24 -MMK-200,000/- | H54: 200000
A55: 45457 | C55: UBG-IS-2024-06-00036 | D55: IS | E55: Nwe Thazin | F55: CASH PAY FOR SALE DEPT;CAR FUEL CHGS (5J/6688) RENTAL FROM GA.WAY-UD-3,H0-2,SDG MMK-50,000/- | H55: 50000
A56: 45460 | C56: HQT-PV-2024-06-0381 | D56: IS | E56: HTET SHWE YI SOE | F56: REC FROM CROP CASH IS BUDGET (HQT-PV-2024-06-0381) MMK-336,000/- | H56: 250000
A57: 45464 | C57: AC-IS-2024-01-00026 | D57: IS | E57: MIN HTET KYAW ZIN | F57: ADV CLEAR FOR ADMIN DEPT;CAR FUEL CHGS FOR MAY'24 7H/8491;MMK -ADV-250,000/-(53036)16-MAY'24;EXP KS-320,000/-;ADD-70,000/- | H57: 70000
A58: 45464 | C58: AC-IS-2024-01-00030 | D58: IS | E58: HTET HTET WAI | F58: ADV CLEAR FOR RENTAL DEPT;CAR FUEL CHGS FOR MAY'24 9F-5354 ,MMK-ADV-120,000/-;(05/53040)-16-MAY'24;EXP -230,000/-;ADD-110,000/- | H58: 110000
A59: 45464 | C59: AC-IS-2024-01-00041 | D59: IS | E59: NWE THAZIN | F59: ADV CLEAR FOR SALE DEPT;CAR FUEL CHGS FOR MAY'244 5B/7543 ,MMK-ADV-200,000/-;(05/53056)-16-MAY'24;EXP -240,000/-;ADD-40,000/- | H59: 40000
A60: 45467 | C60: AC-IS-2024-01-00044 | D60: IS | E60: KHAING ZIN OO | F60: ADV CLEAR FOR SERVICE DEPT;CAR FUEL CHGS (4M-8616) FOR MAY'24 MMK-ADV-200,000/-(05/53062);EXP-270,000/-;ADD-70,000/- | H60: 70000
A65: 51040005- Cost of Rental
A67: 45457 | C67: UBG-IS-2024-06-00026 | D67: IS | E67: Htet Htet Wai | F67: CASH PAY FOR RENTAL DEPT; MACHINE REPAIR FORKLIFT MITSUBISHI 3 TONS STARTER MOTOR SOLENOID NEW CHANGE MODEL-FD30NT,SR.NO-CF14E-15038 MMK-65,000/- | H67: 65000
A68: 45457 | C68: UBG-IS-2024-06-00029 | D68: IS | E68: Htet Htet Wai | F68: CASH PAY FOR RENTAL DEPT; MACHINE REPAIR FORKLIFT MITSUBISHI 2 TONS MODEL-FD30NT,SR.NO-CF14E-15038 MODEL-FD20NT,SR.NO-CF18C-30049 MMK-200,000/- | H68: 200000
A69: 45457 | C69: UBG-IS-2024-06-00031 | D69: IS | E69: Htet Htet Wai | F69: CASH PAY FOR RENTAL DEPT; MACHINE REPAIR FORKLIFT MATADOR 10 TONS TYRE REPAIR & HYDRAULIC CYCLINDER MODIFIED MODEL-MFD100,SR.NO-A3AF05585 MMK-128,000/- | H69: 128000
A70: 45464 | C70: AC-IS-2024-01-00031 | D70: IS | E70: HTET HTET WAI | F70: ADV CLEAR FOR RENTAL DEPT; MITSUBISHI 3TON TYRE PRESSING CHGS & CHAIN BALL CHANGE FD30NT,SR.NO-CF14E-16473 MMK-ADV-147,000/-(05/53048)16-MAY'24;EXP-180,000/-;ADD-33,000/- | H70: 33000
A73: 62010016 Admin - Employee Overtime Charges
A75: 45457 | C75: UBG-IS-2024-06-00032 | D75: IS | E75: Khaing Zin Oo | F75: CASH PAY FOR SERVICE DEPT; OT CHGS FOR EXHAUST FAN INSTALLATION & WIRE HARNESS INSTALLATION AT DSK CUS.WILLMAR CO.,LTD (MFD35XF-SR.NO-A3AF04218) MMK-50,400/- | H75: =50400 -> 50400
A76: 45457 | C76: UBG-IS-2024-06-00035 | D76: IS | E76: Htet Htet Wai | F76: CASH PAY FOR RENTAL DEPT; OT CHGS MATADOR 5 TONS & 10 TONS MMK-22,200/- | H76: 22200
A78: 62010054 Admin - Employee SSB Expenses
A80: 45457 | C80: UBG-IS-2024-06-00038 | D80: IS | E80: THAE NU WAI | F80: ADV PAY FOR IS ADMIN DEPT;SSB PAYMENT FOR MAY'24 ;MMK-400,000/- | H80: 400000
A83: Urgent Budget For Admin ( Generator Repair)
A84: 45457 | C84: UBG-IS-2024-06-00041 | D84: IS | E84: THAE NU WAI | F84: CASH PAY FOR IS ADMIN DEPT;GENERATOR EXHAUST (URGENT) MMK-450,000/- | H84: 450000
A87: 62010056 Admin - Operation Expenses
A89: 45457 | C89: UBG-IS-2024-06-00042 | D89: IS | E89: THAE NU WAI | F89: CASH PAY FOR IS ADMIN DEPT;TAX BOOK COPY CHGS MMK-7,600/- | H89: 7600
A90: 45460 | C90: UBG-IS-2024-06-00025 | D90: IS | E90: THAE NU WAI | F90: ADV PAY FOR IS ADMIN DEPT;OPERATION EXPENSES FOR JUN'24 ;MMK-50,000/- | H90: 50000
A93: 62010024 Admin - Employee Welfare Expenses
A95: 45460 | C95: UBG-IS-2024-06-00043 | D95: IS | E95: THAE NU WAI | F95: ADV PAY FOR IS ADMIN DEPT;WELFARE CHGS BIRTHDAY CAKE FOR JUN BORN ;MMK-36,000/- | H95: 36000
A97: Urgent Budget for Sale
A99: 45464 | C99: UBG-IS-2024-06-00052 | D99: IS | E99: NWE THAZIN | F99: CASH PAY FOR SALE DEPT; CRANE RENT CHGS MATADOR FORKLIFT-5TON(LOCATION -KALAE) MMK-300,000/- | H99: 300000

Sheet Income
A1: No | B1: Customer Name | C1: Type | D1: RV | E1: Amount MMK | F1: Amount USD
A2: 1 | B2: K K FISHING NET FACTORY CO,LTD. | C2: Unit | D2: HQT/RV/2024/06/0236 KS 20400000/- PAID TO HO | E2: 20400000
A3: 2 | B3: K K FISHING NET FACTORY CO,LTD. | C3: Unit | D3: HQT/RV/2024/06/0488 KS 1200000/- PAID TO HO | E3: 1200000
A4: 3 | B4: MYENYI GARMENT | C4: Unit | D4: RV/53461 KS 1200000/- HQT/RV/2024/06/0595 KS 1200000/- | E4: 1200000
A5: 4 | B5: GOLD AYA MOTORS INTERNATIONAL GROUPCO,LTD | C5: Unit | D5: HQT/RV/2024/06/0637 KS 2400000/- (20.6.24) | E5: 2400000
A6: 5 | B6: NAING FAMILY CONSTRUCTION MATERIALS TRADING CO,LTD | C6: Unit | D6: Paid to : HQT- RV-2024-06-0237 ( 7.06.2024)USD-8,100/-,Paid to : HQT- RV-2024-06-0238 ( 7.06.2024)USD-50/- RATE 4350/- ( 217500) | F6: 8150
A7: 6 | B7: MAK ( MMYANMAR) PLY WOOD Industries RT LTD | C7: Unit | D7: HQT/RV/2024/06/0156 | E7: 100000
D41: Total | E41: =SUM(E2:E39) -> 25300000 | F41: =SUM(F2:F39) -> 8150

Sheet  Cash Book 1
A1: Daily Cash In & Out Statement (For JUN'24)IS BU
A2: Date | B2: Voucher No. | C2: System RV | D2: BU | E2: Name | F2: Particulars | G2: Dept; | H2: Expense Type | I2: Account Type | J2: Received | M2: Payment | P2: Closing Balance
J3: Amount (MMK) | K3: Amount (Usd) | L3: Exchange Rate | M3: Amount (MMK) | N3: Amount (Usd) | O3: Bank Transfer (MMK)HO CASH | P3: MMK | Q3: USD
F4: Opening Balance | P4: =0 -> 0 | R4: 699340 | S4: 707000 | XEU4: =SUM(A4:XET4) -> 1406340
A5: 45449 | B5: IS-A-PRT-019-06-24 | C5: ADV-IS-2024-06-00139 | D5: IS | E5: KYU KYU WIN | F5: ADV FOR SPART DEPT; LOCAL PURCHASE(BATTERY) IS-A-PRT-019-06-24 | G5: SPARE PARTS DEPT; | H5: LOCAL | I5: COGS | J5: 0 | M5: 1044000 | P5: 812745 | Q5: 0
A6: 45449 | B6: 0 | C6: ADV-IS-2024-06-00140 | D6: IS | E6: KHAING ZIN OO | F6: ADV PAY FOR SERVICE DEPT; TRAVELLING CHGS FOR SHIN THANT OO (TRANSFER TO PHARKHANT BR MMK-300,000/- | G6: SERVICE DEPT; | H6: TRAVELLING | I6: OPEX | J6: 0 | M6: 300000 | P6: 0 | Q6: 0
A7: 19 | C7: UBG-IS-2024-06-00002 | D7: IS | E7: Soe Myat Mon | F7: ADV PAY FOR SPARTS DEPT;THERMOSTAT LOCAL PURCHASE IS-A-PRT-020-06-24 {78-LP0-202406035;MC MODEL-FD50NT,SRNO-CF19D-80308 & CF19D-80350 }MMK-182,000/- | G7: S'Parts | H7: Local Purchase | I7: COGS | M7: 182000 | R7: FALSE PIC
A8: 20 | C8: UBG-IS-2024-06-00003 | D8: IS | E8: New Thazin | F8: ADV PAY FOR SALE DEPT;STRICKER FOR FORKLIFT SHANTUI LOGO, MITSUBISHI 5TON LOGO & MATADOR 1.5TON (1 MMK-40,000/- | G8: Sale | H8: ADVERTISING | I8: OPEX | M8: 40000
A9: 21 | C9: UBG-IS-2024-06-00004 | D9: IS | E9: Ma Khaing Zin Oo | F9: ADV PAY FOR SERVICE DEPT; MACHINE REPAIR FOR JUN'24 M-LIFT BATTERY,LF54-7DS BOLT NUT & ACCESSORIES, T12(SR NO-10701864) MMK-600,000/- | G9: Service | H9: MACHINE REPAIR | I9: COGS | M9: 600000
A10: 22 | C10: UBG-IS-2024-06-00005 | D10: IS | E10: Ma Khaing Zin Oo | F10: ADV PAY FOR SERVICE DEPT; STOCK MAINTENANCE CHGS FOR JUN'24 (PIC-YE KO KO) MMK-200,000/- | G10: Service | H10: STOCK MAINTENANCE | I10: OPEX | M10: 200000
A11: 23 | C11: UBG-IS-2024-06-00007 | D11: IS | E11: Kyu Kyu Win | F11: ADV PAY FOR SPARTS DEPT;S'PARTS LOCAL PURCHASE IS-A-PRT-018-05-24 {78-LP0-202405033 FOR CUSTOMER AYAR NADI(DWI BR) FD30NT,CF14E-16429 }MMK-1,500,000/- | G11: S'Parts | H11: Local Purchase | I11: COGS | M11: 1500000
A12: 24 | C12: UBG-IS-2024-06-00008 | D12: IS | E12: New Thazin | F12: ADV PAY FOR SALE DEPT; MARKET VISIT FOR NYAUNG OO-BR JUN'24 MMK-50,000/-(PIC-THAN HTIKE SWE) | G12: Sale | H12: TRAVELLING | I12: OPEX | M12: 50000
A13: 25 | C13: UBG-IS-2024-06-00009 | D13: IS | E13: Ma Khaing Zin Oo | F13: ADV PAY FOR SERVICE DEPT; PAINTING CHGS EXHAUST FAN 19U-MODEL(LF54-7DS),MITSUBISHI-FD 50NT(CF 19D-80308),(CF-19D-80350) -MMK-1,000,000/- | G13: Service | H13: PAINTING | I13: COGS | M13: 1000000
A14: 26 | C14: UBG-IS-2024-06-00011 | D14: IS | E14: New Thazin | F14: ADV PAY FOR SALE DEPT; MARKET VISIT FOR MEIKHTILAR-BR JUN'24 MMK-50,000/-(PIC-THAN HTIKE SWE) | G14: Sale | H14: TRAVELLING | I14: OPEX | M14: 50000
A15: 27 | C15: UBG-IS-2024-06-00012 | D15: IS | E15: Ma Khaing Zin Oo | F15: ADV PAY FOR SERVICE DEPT; CAR FUEL CHGS 4M-8616 FOR JUN'24 MMK-200,000/- | G15: Service | H15: FUEL | I15: OPEX | M15: 200000
A16: 28 | C16: UBG-IS-2024-06-00015 | D16: IS | E16: Kyu Kyu Win | F16: ADV PAY FOR SPARTS DEPT;FORK EXTENSION LOCAL PURCHASE IS-A-PRT-021-06-24 {78-LP0-202406036;MC MODEL-FD50CNT,SRNO-CF19D-80349 }MMK-1,200,000/- | G16: S'Parts | H16: Local Purchase | I16: COGS | M16: 1200000
A17: 29 | C17: UBG-IS-2024-06-00016 | D17: IS | E17: New Thazin | F17: ADV PAY FOR SALE DEPT; TRAVELLING CHGS 30DAYS SM-THAN HTIKE SWE MDY-BR JUN'24 MMK-425,000/- | G17: Sale | H17: TRAVELLING | I17: OPEX | M17: 425000
A18: 30 | C18: UBG-IS-2024-06-00018 | D18: IS | E18: Soe Myat Moe | F18: ADV PAY FOR SPARTS DEPT;S'PARTS LOCAL PURCHASE IS-A-PRT-023-06-24 {78-LP0-202406037 FOR CUSTOMER FM INDUSTRIAL(WARRANTLY) FD20NT,CF18C-30050 }MMK-75,000/- | G18: S'Parts | H18: Local Purchase | I18: COGS | M18: 75000
A19: 31 | C19: UBG-IS-2024-06-00020 | D19: IS | E19: Htet Htet Wai | F19: ADV PAY FOR RENTAL DEPT;CAR FUEL CHGS 9F/5354 JUN'24 MMK-120,000/- | G19: Rental | H19: FUEL | I19: OPEX | M19: 120000
... A27: 39 | C27: UBG-IS-2024-06-00034 | D27: IS | E27: Htet Htet Wai | F27: CASH PAY FOR RENTAL DEPT;TA CHGS MATADOR 10TONS JOBSITE RENTAL OPERATOR FOR 1M (26-APR'24~25-MAY'24) MMK-300,000/- | G27: Rental | H27: TRAVELLING | I27: OPEX | M27: 300000
A28: 40 | C28: UBG-IS-2024-06-00035 | D28: IS | E28: Htet Htet Wai | F28: CASH PAY FOR RENTAL DEPT; OT CHGS MATADOR 5 TONS & 10 TONS MMK-22,200/- | G28: Rental | H28: OVERTIME | I28: OPEX | M28: 22200 | R28: =#REF!+L28-O28 -> #REF!
A29: 41 | C29: UBG-IS-2024-06-00036 | D29: IS | E29: Nwe Thazin | F29: CASH PAY FOR SALE DEPT;CAR FUEL CHGS (5J/6688) RENTAL FROM GA.WAY-UD-3,H0-2,SDG MMK-50,000/- | G29: Sale | H29: FUEL | I29: OPEX | M29: 50000 | R29: =R28+L29-O29 -> #REF!
A30: 6 | C30: UBG-IS-2024-06-00038 | D30: IS | E30: THAE NU WAI | F30: ADV PAY FOR IS ADMIN DEPT;SSB PAYMENT FOR MAY'24 ;MMK-400,000/- | G30: ADMIN | H30: SSB | I30: OPEX | M30: 400000 | R30: PAID FOR ADV REQUEST DATE
A31: 7 | C31: UBG-IS-2024-06-00041 | D31: IS | E31: THAE NU WAI | F31: CASH PAY FOR IS ADMIN DEPT;GENERATOR EXHAUST (URGENT) MMK-450,000/- | G31: ADMIN | H31: MACHINE REPAIR | I31: COGS | M31: 450000 | R31: PAID FOR ADV REQUEST DATE
A32: 8 | C32: UBG-IS-2024-06-00042 | D32: IS | E32: THAE NU WAI | F32: CASH PAY FOR IS ADMIN DEPT;TAX BOOK COPY CHGS MMK-7,600/- | G32: ADMIN | H32: OFFICE SUPPLIES | I32: OPEX | M32: 7600 | R32: PAID FOR ADV REQUEST DATE
A33: 10 | C33: UBG-IS-2024-06-00022 | D33: IS | E33: THAE NU WAI | F33: ADV PAY FOR IS ADMIN DEPT;CAR FUEL CHGS FOR JUN'24 7H/8491; MMK-250,000/- | G33: ADMIN | H33: FUEL | I33: OPEX | M33: 250000
A34: 11 | C34: UBG-IS-2024-06-00025 | D34: IS | E34: THAE NU WAI | F34: ADV PAY FOR IS ADMIN DEPT;OPERATION EXPENSES FOR JUN'24 ;MMK-50,000/- | G34: ADMIN | H34: EXPENSES | I34: OPEX | M34: 50000
A35: 12 | C35: UBG-IS-2024-06-00043 | D35: IS | E35: THAE NU WAI | F35: ADV PAY FOR IS ADMIN DEPT;WELFARE CHGS BIRTHDAY CAKE FOR JUN BORN ;MMK-36,000/- | G35: ADMIN | H35: WELFARE | I35: OPEX | M35: 36000
A36: 2 | C36: UBG-IS-2024-06-00046 | D36: IS | E36: KYU KYU WIN | F36: ADV PAY FOR SPART'S;TYRE 4PCS LOCAL PURCHASE IS-A-PRT-024-06-24(78-LPO-202406039 -CUSTOMER SHWE WAH YAUNG, FD30S, CF51-12080)MMK-3,731,400/- | G36: SPART'S | H36: LOCAL | I36: COGS | M36: 3731400 | R36: PAID FOR ADV REQUEST DATE
A37: 3 | C37: UBG-IS-2024-06-00047 | D37: IS | E37: KYU KYU WIN | F37: ADV PAY FOR SPART'S;TYRE 4PCS LOCAL PURCHASE IS-A-PRT-025-06-24(78-LPO-202406040 -CUSTOMER SOUTH LAND MYANMAR, MFD30R, F4AH31086)MMK-1,116,000/- | G37: SPART'S | H37: LOCAL | I37: COGS | M37: 1116000 | R37: PAID FOR ADV REQUEST DATE
A38: 4 | C38: UBG-IS-2024-06-00050 | D38: IS | E38: KYU KYU WIN | F38: ADV PAY FOR SPART'S DEPT;LOCAL PURCHASE IS-A-PRT-026-06-24(78-LPO-202406041 -CUSTOMER YADANAR ADIPADI (PHK BR)MODEL-FD30NT)MMK-830,600/- | G38: SPART'S | H38: LOCAL | I38: COGS | M38: 830600
A39: 5 | C39: UBG-IS-2024-06-00051 | D39: IS | E39: KYU KYU WIN | F39: ADV PAY FOR SPART'S;LOCAL PURCHASE IS-A-PRT-027-06-24(78-LPO-202406042 -CUSTOMER DAWEI BR-MC-T300E,SR-30082270, )MMK-2,687,800/- | G39: SPART'S | H39: LOCAL | I39: COGS | M39: 2687800
A40: 15 | C40: AC-IS-2024-01-00026 | D40: IS | E40: MIN HTET KYAW ZIN | F40: ADV CLEAR FOR ADMIN DEPT;CAR FUEL CHGS FOR MAY'24 7H/8491;MMK -ADV-250,000/-(53036)16-MAY'24;EXP KS-320,000/-;ADD-70,000/- | G40: ADMIN | H40: FUEL | I40: OPEX | M40: 70000 | Q40: =Q39+K40-N40 -> 0
A41: 16 | C41: UBG-IS-2024-06-00052 | D41: IS | E41: NWE THAZIN | F41: CASH PAY FOR SALE DEPT; CRANE RENT CHGS MATADOR FORKLIFT-5TON(LOCATION -KALAE) MMK-300,000/- | G41: SALE | M41: 300000 | Q41: =Q40+K41-N41 -> 0
A42: 17 | C42: AC-IS-2024-01-00030 | D42: IS | E42: HTET HTET WAI | F42: ADV CLEAR FOR RENTAL DEPT;CAR FUEL CHGS FOR MAY'24 9F-5354 ,MMK-ADV-120,000/-;(05/53040)-16-MAY'24;EXP -230,000/-;ADD-110,000/- | G42: RENTAL | H42: FUEL | I42: OPEX | M42: 110000 | Q42: =Q41+K42-N42 -> 0
A43: 18 | C43: AC-IS-2024-01-00031 | D43: IS | E43: HTET HTET WAI | F43: ADV CLEAR FOR RENTAL DEPT; MITSUBISHI 3TON TYRE PRESSING CHGS & CHAIN BALL CHANGE FD30NT,SR.NO-CF14E-16473 MMK-ADV-147,000/-(05/53048)16-MAY'24;EXP-180,000/-;ADD-33,000/- | G43: RENTAL | H43: MACHINE REPAIR | I43: COGS | M43: 33000 | Q43: =Q42+K43-N43 -> 0
A44: 19 | C44: AC-IS-2024-01-00037 | D44: IS | E44: NWE THAZIN | F44: ADV CLEAR FOR SALE DEPT;NPT-BR-VISIT FOR MAY'24 PIC-THAN HTIKE SWE ,MMK-ADV-50,000/-;(05/53050)-16-MAY'24;EXP -59,000/-;ADD-9,000/- | G44: SALE | H44: TRAVELLIN | I44: OPEX | M44: 9000 | Q44: =Q43+K44-N44 -> 0
A45: 20 | C45: AC-IS-2024-01-00032 | D45: IS | E45: NWE THAZIN | F45: ADV CLEAR FOR SALE DEPT;IGY-TRIP-BR VISIT FOR MAR'24 PIC-THAN HTIKE SWE ,MMK-ADV-50,000/-;(05/53051)-16-MAY'24;EXP -69,800/-;ADD-19,800/- | G45: SALE | H45: TRAVELLIN | I45: OPEX | M45: 19800 | Q45: =Q44+K45-N45 -> 0
A46: 21 | C46: AC-IS-2024-01-00041 | D46: IS | E46: NWE THAZIN | F46: ADV CLEAR FOR SALE DEPT;CAR FUEL CHGS FOR MAY'244 5B/7543 ,MMK-ADV-200,000/-;(05/53056)-16-MAY'24;EXP -240,000/-;ADD-40,000/- | G46: SALE | H46: FUEL | I46: OPEX | M46: 40000 | Q46: =Q45+K46-N46 -> 0
A47: 13 | C47: AC-IS-2024-01-00044 | D47: IS | E47: KHAING ZIN OO | F47: ADV CLEAR FOR SERVICE DEPT;CAR FUEL CHGS (4M-8616) FOR MAY'24 MMK-ADV-200,000/-(05/53062);EXP-270,000/-;ADD-70,000/- | G47: SERVICE | H47: FUEL | I47: OPEX | J47: 0 | M47: 70000 | Q47: =Q46+K47-N47 -> 0
A48: 45449 | C48: ADV-IS-2024-06-00139 | D48: IS | E48: KYU KYU WIN | F48: ADV FOR SPART DEPT; LOCAL PURCHASE(BATTERY) IS-A-PRT-019-06-24 | G48: SERVICE | I48: COGS | M48: 512745
A49: 45464 | C49: UBG-IS-2024-06-00045 | D49: IS | E49: NWE THAZIN | F49: CASH PAY FOR BROKER CHGS ; (U KYAW HTAY -YANDANAR CHANCELLOR) FD50CNT-2UNITS SR.N0-CF19D-80308/SR.N0-CF19D-80350, MMK-4,160,000/- | G49: SALE | H49: BROKWE | I49: COGS | N49: 1000
M50: =SUM(M5:M48) -> 20280545 | N50: 1000 | P50: =P47+J50-M50-O50 -> -20280545 | Q50: =Q47+K50-N50 -> -1000
P51: =P50+J51-M51-O51 -> -20280545 | Q51: =Q50+K51-N51 -> -1000
P52: =P51+J52-M52-O52 -> -20280545 | Q52: =Q51+K52-N52 -> -1000
M53: =M51-M50 -> -20280545 | P53: =P52+J53-M53-O53 -> 0 | Q53: =Q52+K53-N53 -> -1000
P54: =P53+J54-M54-O54 -> 0 | Q54: =Q53+K54-N54 -> -1000
P55: =P54+J55-M55-O55 -> 0 | Q55: =Q54+K55-N55 -> -1000
P56: =P55+J56-M56-O56 -> 0 | Q56: =Q55+K56-N56 -> -1000
P57: =P56+J57-M57-O57 -> 0 | Q57: =Q56+K57-N57 -> -1000
P58: =P57+J58-M58-O58 -> 0 | Q58: =Q57+K58-N58 -> -1000
P59: =P58+J59-M59-O59 -> 0 | Q59: =Q58+K59-N59 -> -1000
P60: =P59+J60-M60-O60 -> 0 | Q60: =Q59+K60-N60 -> -1000
P61: =P60+J61-M61-O61 -> 0 | Q61: =Q60+K61-N61 -> -1000
P62: =P61+J62-M62-O62 -> 0 | Q62: =Q61+K62-N62 -> -1000
P63: =P62+J63-M63-O63 -> 0 | Q63: =Q62+K63-N63 -> -1000
P64: =P63+J64-M64-O64 -> 0 | Q64: =Q63+K64-N64 -> -1000
P65: =P64+J65-M65-O65 -> 0 | Q65: =Q64+K65-N65 -> -1000
... P99: =P98+J99-M99-O99 -> 0 | Q99: =Q98+K99-N99 -> -1000
P100: =P99+J100-M100-O100 -> 0 | Q100: =Q99+K98-N100 -> -1000
P101: =P100+J101-M101-O101 -> 0 | Q101: =Q100+K99-N101 -> -1000
P102: =P101+J102-M102-O102 -> 0 | Q102: =Q101+K100-N102 -> -1000
P103: =P102+J103-M103-O103 -> 0 | Q103: =Q102+K101-N103 -> -1000
P104: =P103+J104-M104-O104 -> 0 | Q104: =Q103+K102-N104 -> -1000
P105: =P104+J105-M105-O105 -> 0 | Q105: =Q104+K103-N105 -> -1000
P106: =P105+J106-M106-O106 -> 0 | Q106: =Q105+K104-N106 -> -1000
P107: =P106+J107-M107-O107 -> 0 | Q107: =Q106+K105-N107 -> -1000
P108: =P107+J108-M108-O108 -> 0 | Q108: =Q107+K106-N108 -> -1000
P109: =P108+J109-M109-O109 -> 0 | Q109: =Q108+K107-N109 -> -1000
P110: =P109+J110-M110-O110 -> 0 | Q110: =Q109+K108-N110 -> -1000
P111: =P110+J111-M111-O111 -> 0 | Q111: =Q110+K109-N111 -> -1000
... P118: =P117+J118-M118-O118 -> 0 | Q118: =Q117+K116-N118 -> -1000
P119: =P118+J119-M119-O119 -> 0 | Q119: =Q101+K117-N119 -> -1000
P120: =P119+J120-M120-O120 -> 0 | Q120: =Q102+K118-N120 -> -1000
P121: =P120+J121-M121-O121 -> 0 | Q121: =Q103+K119-N121 -> -1000
P122: =P121+J122-M122-O122 -> 0 | Q122: =Q104+K120-N122 -> -1000
P123: =P122+J123-M123-O123 -> 0 | Q123: =Q105+K121-N123 -> -1000
P124: =P123+J124-M124-O124 -> 0 | Q124: =Q106+K122-N124 -> -1000
P125: =P124+J125-M125-O125 -> 0 | Q125: =Q107+K123-N125 -> -1000
P126: =P125+J126-M126-O126 -> 0 | Q126: =Q108+K124-N126 -> -1000
P127: =P126+J127-M127-O127 -> 0 | Q127: =Q109+K125-N127 -> -1000
P128: =P127+J128-M128-O128 -> 0 | Q128: =Q110+K126-N128 -> -1000
P129: =P128+J129-M129-O129 -> 0 | Q129: =Q111+K127-N129 -> -1000
P130: =P129+J130-M130-O130 -> 0 | Q130: =Q112+K128-N130 -> -1000
... P157: =P156+J157-M157-O157 -> 0 | Q157: =Q139+K155-N157 -> -1000
P158: =P157+J158-M158-O158 -> 0 | Q158: =Q140+K156-N158 -> -1000 | S158: 699340 | T158: 707000
P159: =P158+J159-M159-O159 -> 0 | Q159: =Q141+K157-N159 -> -1000 | S159: 26446827
P160: =P159+J160-M160-O160 -> 0 | Q160: =Q142+K158-N160 -> -1000 | S160: 25631150 | T160: 16027250 | U160: 13572560
P161: =P160+J161-M161-O161 -> 0 | Q161: =Q143+K159-N161 -> -1000 | S161: =S158+S159-S160 -> 1515017 | T161: =T158+T160-U160 -> 3161690
P162: =P161+J162-M162-O162 -> 0 | Q162: =Q144+K160-N162 -> -1000
P163: =P162+J163-M163-O163 -> 0 | Q163: =Q145+K161-N163 -> -1000
P164: =P163+J164-M164-O164 -> 0 | Q164: =Q146+K162-N164 -> -1000
P165: =P164+J165-M165-O165 -> 0 | Q165: =Q147+K163-N165 -> -1000
P166: =P165+J166-M166-O166 -> 0 | Q166: =Q148+K164-N166 -> -1000
P167: =P166+J167-M167-O167 -> 0 | Q167: =Q149+K165-N167 -> -1000
P168: =P167+J168-M168-O168 -> 0 | Q168: =Q150+K166-N168 -> -1000
P169: =P168+J169-M169-O169 -> 0 | Q169: =Q151+K167-N169 -> -1000
P170: =P169+J170-M170-O170 -> 0 | Q170: =Q152+K168-N170 -> -1000
P171: =P170+J171-M171-O171 -> 0 | Q171: =Q153+K169-N171 -> -1000
P172: =P171+J172-M172-O172 -> 0 | Q172: =Q154+K170-N172 -> -1000
...

Sheet IS Budget Request Format 
A1: Monthly Cash Budget Request - August 2024
A2: BU: IS BU
A3: COA | B3: Description | C3: Unit | E3: Spareparts | G3: Service | I3: HR & GA | J3: Rental | K3: F&A | L3: Budget (MMK) | M3: Budget (USD) | N3: Remark
A4: OPEX | C4: MMK | D4: USD | E4: MMK | F4: USD | H4: USD | I4: MMK
A5: 62010001 Admin - Advertising Expenses | B5: Matador 5 Ton Name Plate_5 Pcs | C5: 60000 | L5: =SUM(C5:K5)-D5 -> 60000 | M5: =D5+H5 -> 0
A6: 61010009 Tools and Equipment | B6: Barrier For Workshop Area Trush Can | I6: 300000 | L6: =SUM(C6:K6)-D6 -> 300000 | M6: =D6+H6 -> 0
A7: 62010005 Admin - Car Fuel Expenses | B7: For 5J/6688,Monthly - 120,000MMK & July'24 Extra -250,000 MMK . Car Fuel charges for (4M/8616)-200,000MMK / July'24 Extra-100,000MMK Admin Fuel 450000/- Rental 270000/- | C7: 370000 | G7: 300000 | I7: 450000 | J7: 250000 | L7: =SUM(C7:K7)-D7 -> 1370000 | M7: =D7+H7 -> 0
A8: 62010006 Admin - Car Licence Charges | L8: =SUM(C8:K8)-D8 -> 0 | M8: =D8+H8 -> 0
A9: 62010008 Admin - Communication & Telephone Expenses | L9: =SUM(C9:K9)-D9 -> 0 | M9: =D9+H9 -> 0
A10: 62010007 Admin - Car Repair & Maintenance Charges | L10: =SUM(C10:K10)-D10 -> 0 | M10: =D10+H10 -> 0
A11: 62010009 Admin - Computer & Copier Repair Charges | L11: =SUM(C11:K11)-D11 -> 0 | M11: =D11+H11 -> 0
A12: 61001032 Admin - Commission and Incentive | L12: =SUM(C12:K12)-D12 -> 0 | M12: =D12+H12 -> 0
A13: 62010012 Admin - Dhl Charges | L13: =SUM(C13:K13)-D13 -> 0 | M13: =D13+H13 -> 0
A14: 62010014 Admin - Electricity Expenses | L14: =SUM(C14:K14)-D14 -> 0 | M14: =D14+H14 -> 0
A15: 62010016 Admin - Employee Overtime Charges | B15: Service Man OT | G15: 20000 | L15: =SUM(C15:K15)-D15 -> 20000 | M15: =D15+H15 -> 0
A16: 62010019 Admin - Employee Training Expenses - Local | L16: =SUM(C16:K16)-D16 -> 0 | M16: =D16+H16 -> 0
A17: 62010021 Admin - Employee Travelling Expenses - oversea Trip | L17: =SUM(C17:K17)-D17-H17 -> 0 | M17: =D17+H17 -> 0
A18: 62010021 Admin - Employee Travelling Expenses - Local Trip | B18: Sale& Marketing Expense Aug''24-Home-Rent =25,000MMK.Cycle fuel Charges=80,000 MMK ( ASM- Than Htike Swe- MDY-BR).For Branch Visit Meikhtilar (ASM- Than Htike Swe).For Branch Visit TGY (ASM- Than Htike Swe).For Branch Visit Pathein (ASM- Yamin Aye ).Branch Market Visit to Mandalay (Ko Thiha Thein Aung, Ko Chit San Ko& Aung Sitt Paing) Car 5J-6688 . | C18: =105000+200000+200000+700000 -> 1205000 | L18: =SUM(C18:K18)-D18 -> 1205000 | M18: =D18+H18 -> 0
A19: 62010023 Admin - Employee Uniform Expenses | L19: =SUM(C19:K19)-D19 -> 0 | M19: =D19+H19 -> 0
A20: 62010024 Admin - Employee Welfare Expenses | B20: Birthday Cake for August 24 , Marriage Charges | I20: =21000+75000 -> 96000 | L20: =SUM(C20:K20)-D20 -> 96000 | M20: =D20+H20 -> 0
A21: 62010025 Admin - Entertainment Expenses | L21: =SUM(C21:K21)-D21 -> 0 | M21: =D21+H21 -> 0
A22: 62010027 Admin - Miscellaneous Expenses | L22: =SUM(C22:K22)-D22 -> 0 | M22: =D22+H22 -> 0
A23: 62010029 Admin - Office Repair & Maintenance Charges | L23: =SUM(C23:K23)-D23 -> 0 | M23: =D23+H23 -> 0
A24: 62010030 Admin - Office Supplies Expenses | L24: =SUM(C24:K24)-D24 -> 0 | M24: =D24+H24 -> 0
A25: 62010046 Admin - Stock Maintenance (units,parts) | B25: Maintenance materials for all Stock Machines | G25: 200000 | L25: =SUM(C25:K25)-D25 -> 200000 | M25: =D25+H25 -> 0
A26: 62010076-006 Admin-Tools & Equipment-IS | L26: =SUM(C26:K26)-D26 -> 0 | M26: =D26+H26 -> 0
A27: 62010054 Admin - Employee SSB Expenses | B27: SSB for July'24 of IS | I27: 450000 | L27: =SUM(C27:K27)-D27 -> 450000 | M27: =D27+H27 -> 0
A28: 62010056 Admin - Operation Expenses | B28: Admin operation expense | I28: 30000 | L28: =SUM(C28:K28)-D28 -> 30000 | M28: =D28+H28 -> 0
A29: 62010057 Admin - Machine Rental Chgs | L29: =SUM(C29:K29)-D29 -> 0 | M29: =D29+H29 -> 0
A30: 62010040 Admin- Taxes, fees and charges | L30: =SUM(C30:K30)-D30 -> 0 | M30: =D30+H30 -> 0
A31: 62010078-006 Admin-YCDC an Related Other Tax Charge-IS | L31: =SUM(C31:K31)-D31 -> 0 | M31: =D31+H31 -> 0
A32: 62010051 Admin - Employee Transportation & Ferry Charges | L32: =SUM(C32:K32)-D32 -> 0 | M32: =D32+H32 -> 0
A33: 62010059 Admin - Machine Repair & Maintenance | L33: =SUM(C33:K33)-D33 -> 0 | M33: =D33+H33 -> 0
A34: COGS | L34: =SUM(C34:K34)-D34 -> 0 | M34: =D34+H34 -> 0
A35: Repossess Expenses | L35: =SUM(C35:K35)-D35 -> 0 | M35: =D35+H35 -> 0
A36: Cost of Goods Sold - Units | B36: Machine Repair & Painting Charges for MFD-50XF(E9AF00155) _5lks and MFD-50XF(E9AF00155)_12lks | G36: =500000+1200000 -> 1700000 | L36: =SUM(C36:K36)-D36 -> 1700000 | M36: =D36+H36 -> 0
A37: Transportation Charges-Units | L37: =SUM(C37:K37)-D37 -> 0 | M37: =D37+H37 -> 0
A38: Transportation Charges-Spare | L38: =SUM(C38:K38)-D38 -> 0 | M38: =D38+H38 -> 0
A39: 51040005- Cost of Rental | B39: Machine Repair for Rental Machine | J39: 500000 | L39: =SUM(C39:K39)-D39 -> 500000 | M39: =D39+H39 -> 0
A40: 51020046COGS - Spare Parts | B40: Spare Parts (Urgent), Mit forklift tyres for SDG customer MGE+ Hydraulic Oil (Inventoty Stock), Hub & Drum Assy 91lks , T300E battery 2pcs for NPT customer National Library 1pcs x 302 USD 10% discount | E40: 15300000 | F40: =604-(604*10%) -> 543.6 | L40: =SUM(C40:K40)-F40 -> 15300000 | M40: =D40+F40 -> 543.6
A41: Fixed Assets(CAPX) | L41: =SUM(C41:K41)-D41 -> 0 | M41: =D41+H41 -> 0
A42: [15025000] FA - Furniture and Fixture | L42: =SUM(C42:K42)-D42 -> 0 | M42: =D42+H42 -> 0
A43: Total Amount | C43: =SUM(C5:C42) -> 1635000 | D43: =SUM(D5:D42) -> 0 | E43: =SUM(E5:E42) -> 15300000 | F43: =SUM(F5:F42) -> 543.6 | G43: =SUM(G5:G42) -> 2220000 | H43: =SUM(H5:H42) -> 0 | I43: =SUM(I5:I42) -> 1326000 | J43: =SUM(J5:J42) -> 750000 | ... M43: =SUM(M5:M42) -> 543.6
A44: Prepared By BU Finance | B44: Checked by F&A | E44: Approved By(AGM) | K44: Approved By (Vice Chairman)
A48: Khin Yadanar Htun,Daw | B48: Zin Ko Htwe,U | E48: Chit San Ko,U | K48: Aye Min Htoon,U
A49: Please insert COA (as per ERP) if required.

Sheet COA - for reference only
A1: OPEX | B1: Description(BU/BR)
A2: 61010009 Tools and Equipment | B2: Tools & S'part Packing Expense , Purchase equipment for CE Job
A3: 61010011 Travelling cost of sale team | B3: Travelling Charges for sale team , Sale & Marketing & Rental Transporter Way Job.
A4: 61010027 Employee Social Insurance | B4: Insurance for Employee
A5: 61001032 Admin - Commission and Incentive | B5: Commission give to agents and Incentive give to employee
A6: 62010001 Admin - Advertising Expenses | B6: Making Sign Board /Signboard installation /Repair Signboard /Pamphlet Charges/Sticker Printing/Article Fees for Online Facebook Page/Booklets/ Vinyl
A7: 62010002 Admin - Audit Fees | B7: Audit Charges
A8: 62010003 Admin - Bank Charges | B8: Bank Charges
A9: 62010005 Admin - Car Fuel Expenses | B9: Expenses for diesel, gasoline, Octane and CNG of all company's cars and motor cycle
A10: 62010006 Admin - Car Licence Charges | B10: Car/ Cycle Licence Extension, Wheel Tax Fee
A11: 62010007 Admin - Car Repair & Maintenance Charges | B11: Repair Body & Paint / Buying Tyre/Change Engine and Engine Oil/Change Car Battery / Cycle Repair / Motor Bike Repair/ Forklift Repair
A12: 62010008 Admin - Communication & Telephone Expenses | B12: Telephone Bill / Internet Bill /Wifi Adapter
... A49: 62010059 Admin - Machine Repair & Maintenance | B49: Machine Repair Charges/ Installation Charges
A50: COGS
A51: 51020046COGS - Mecc Alte Spare Parts | B51: S'part Dept; for local part purchase order; Customer urgent order & inventory stock
A52: 51010054 COGS - Commission Units | B52: Broker Fee
A53: 51010061 COGS - Units Licence And Duty Cost | B53: Duty & Clearance Charges
A54: Repossess Expenses | B54: Repossess machine transportation charges
A55: Fixed Assets(CAPX)
A56: [15025000] FA - Furniture and Fixture | B56: Watercooler,…....
A57: [15020001] FA - Computer and Electrical Equipment | B57: Computer ,Color Printer , Printer,…......
A58: [15024000] FA - Motor Vehicle | B58: Purchase Cycle , Car,Forklift ,Bike,.....

Sheet Cash Book
A1: Daily Cash In & Out Statement (For APR'24)IS BU
A2: Date | B2: Voucher No. | C2: System RV | D2: BU | E2: Name | F2: Particulars | G2: Dept; | H2: Expense Type | I2: Account Type | J2: Received | M2: Payment | P2: Closing Balance
J3: Amount (MMK) | K3: Amount (Usd) | L3: Exchange Rate | M3: Amount (MMK) | N3: Amount (Usd) | O3: Bank Transfer (MMK)HO CASH | P3: MMK | Q3: USD
F4: Opening Balance | P4: 564000 | XEU4: =SUM(A4:XET4) -> 564000
A5: 45383 | B5: IS-RV-2024-04-49801 | D5: MC | E5: HAN NWAI NYEIN | F5: REC FROM MC SERV U TIN MG TUN -50,000/-,U MYO THANT-10,000/-,KO NAY LIN TUN-7,000/-,TOTAL-67,000/- | G5: SERV | H5: INCOME | I5: INCOME | J5: 67000 | P5: =P4+J5-M5-O5 -> 631000 | Q5: =Q4+K5-N5 -> 0
A6: 45384 | B6: IS-RV-2024-04-49802 | D6: MC | E6: HAN NWAI NYEIN | F6: REC FROM MC SERV FOR U THAN Oo-10,000/- | G6: SERV | H6: INCOME | I6: INCOME | J6: 10000 | P6: =P5+J6-M6-O6 -> 641000 | Q6: =Q5+K6-N6 -> 0
A7: 45384 | B7: IS-RV-2024-04-49803 | D7: MC | E7: HAN NWAI NYEIN | F7: REC FROM MC PART INCOME KO THAN Oo -28,000/-,ko pyae phyo-22,700/-,MA MYA HNIN SI-22,000/-,TOTAL-72,700/- | G7: SPART | H7: INCOME | I7: INCOME | J7: 72700 | P7: =P6+J7-M7-O7 -> 713700 | Q7: =Q6+K7-N7 -> 0
A8: 45385 | B8: IS-RV-2024-04-49804 | D8: MC | E8: HAN NWAI NYEIN | F8: REC FROM MC SERV INCOME FOR U MIN OO-5000/- | G8: SERV | H8: INCOME | I8: INCOME | J8: 5000 | P8: =P7+J8-M8-O8 -> 718700 | Q8: =Q7+K8-N8 -> 0
A9: 45385 | B9: IS-RV-2024-04-49805 | D9: MC | E9: HAN NWAI NYEIN | F9: REC FROM MC SPART INCOME U MIN OO-5,700/- | G9: SPART | H9: INCOME | I9: INCOME | J9: 5700 | P9: =P8+J9-M9-O9 -> 724400 | Q9: =Q8+K9-N9 -> 0
A10: 45386 | B10: IS-PV-2024-04-58819 | C10: CS_MMK_IS-2024-04-00001 | D10: IS | E10: HAN NWAI NYEIN | F10: CASH TRANSFER TO CORP CASH FOR RENTAL AAA-150,000/-,HQT-RV-2024-04-0160 | G10: F&A | H10: TRANSFER | I10: TRANSFER | O10: 150000 | P10: =P9+J10-M10-O10 -> 574400 | Q10: =Q9+K10-N10 -> 0
A11: 45386 | B11: IS-PV-2024-04-58820 | C11: AMISCBMC-2024-04-00008 | D11: MC | E11: HAN NWAI NYEIN | F11: CASH TRANSFER TO CORP CASH FOR MC BUDGET REFUND -100,000/-,SERV+ SPART-474,400/-,HQT-RV-2024-04-0159 | G11: F&A | H11: TRANSFER | I11: TRANSFER | O11: 100000 | P11: =P10+J11-M11-O11 -> 474400 | Q11: =Q10+K11-N11 -> 0
A12: 45386 | B12: IS-PV-2024-04-58820 | D12: MC | E12: HAN NWAI NYEIN | F12: CASH TRANSFER TO CORP CASH FOR MC BUDGET REFUND -100,000/-,SERV+ SPART-474,400/-,HQT-RV-2024-04-0159 | G12: SERV | H12: TRANSFER | I12: TRANSFER | O12: 474400 | P12: =P11+J12-M12-O12 -> 0 | Q12: =Q11+K12-N12 -> 0
A13: 45387 | B13: IS-RV-2024-04-49806 | C13: AC-IS-2024-04-00095 | D13: IS | E13: KYU KYU WIN | F13: ADV CLEAR FOR PART DEPT; HYD FILTER LOCAL PURCHASE PO-PRT-IS-2024-03-00005,ADV-443,000/-,EXP-420,850/-,BAL-22,150/-,IS-PV-2024-03-58812 | G13: SPART | H13: LOCAL | I13: COGS | J13: 22150 | P13: =P12+J13-M13-O13 -> 22150 | Q13: =Q12+K13-N13 -> 0
A14: 45387 | B14: IS-RV-2024-04-49807 | C14: AC-IS-2024-04-00096 | D14: IS | E14: KYU KYU WIN | F14: ADV CLEAR FOR PART DEPT; LOCAL PURCHASE PO-PRT-IS-2024-03-00011,ADV-120,600/-,EXP-114,570/-,BAL-6,030/-,IS-PV-2024-03-98299 | G14: SPART | H14: LOCAL | I14: COGS | J14: 6030 | P14: =P13+J14-M14-O14 -> 28180 | Q14: =Q13+K14-N14 -> 0
A15: 45387 | B15: IS-RV-2024-04-49808 | C15: AC-IS-2024-04-00101 | D15: IS | E15: KYU KYU WIN | F15: ADV CLEAR FOR PART DEPT; HYD FILTER LOCAL PURCHASE PO-PRT-IS-2024-03-00016,ADV-886,000/-,EXP-589,190-,BAL-296,810/-,IS-PV-2024-03-58810 | G15: SPART | H15: LOCAL | I15: COGS | J15: 296810 | P15: =P14+J15-M15-O15 -> 324990 | Q15: =Q14+K15-N15 -> 0
A16: 45387 | B16: IS-RV-2024-04-49809 | C16: AC-BMC-2024-04-00052 | D16: MC | E16: THAE NU WAI | F16: ADV CLEAR FOR MC ADMIN DEPT; OPERATION CHGS FOR MAR'24,IS-PV-2024-03-98245,ADV-150,000/-,EXP-126,700/-,BAL-23,300/- | G16: ADMIN | H16: OPERATION | I16: OPEX | J16: 23300 | P16: =P15+J16-M16-O16 -> 348290 | Q16: =Q15+K16-N16 -> 0
A17: 45387 | B17: IS-RV-2024-04-49810 | C17: AC-IS-2024-04-00089 | D17: IS | E17: THAE NU WAI | F17: ADV CLEAR FOR IS ADMIN DEPT; OPERATION CHGS FOR MAR'24 IS-PV-2024-03-98232,ADV-50,000/-,EXP-1,200/-,BAL-48,800/- | G17: ADMIN | H17: OPERATION | I17: OPEX | J17: 48800 | P17: =P16+J17-M17-O17 -> 397090 | Q17: =Q16+K17-N17 -> 0
A18: 45387 | B18: IS-RV-2024-04-49811 | C18: AC-BMC-2024-04-00053 | D18: MC | E18: NWE THAZIN | F18: ADV CLEAR FOR MC SALE DEPT; UMG MOTOR SELENA FOR A BANK STICKER MAR'24 ,IS-PV-2024-03-98254,ADV-100,000/-,EXP-65,000/-,BAL-35,000/- | G18: SALE | H18: ADVERTISING | I18: OPEX | J18: 35000 | P18: =P17+J18-M18-O18 -> 432090 | Q18: =Q17+K18-N18 -> 0
A19: 45387 | B19: IS-RV-2024-04-49812 | C19: RV-IS-2024-04-00005 | D19: IS | E19: HTET HTET WAI | F19: REC FROM RENTAL INCOME FOR AAA(YG) ONE DUTY -MMK-250,000/-78-RN-SI-M2024004003 | G19: RENTAL | H19: INCOME | I19: INCOME | J19: 250000 | P19: =P18+J19-M19-O19 -> 682090 | Q19: =Q18+K19-N19 -> 0
A20: 45387 | B20: IS-PV-2024-04-58821 | C20: AC-IS-2024-04-00088 | D20: IS | E20: THAE NU WAI | F20: ADV CLEAR FOR ADMIN DEPT; MISCELLANEOUS FOR BUDDISTH FLOWER MAR'24 IS-PV-2024-03-98233,ADV-50,000/-,EXP-57,000/-,BAL-7000/- | G20: ADMIN | H20: MISCELLANEOUS | I20: OPEX | M20: 7000 | P20: =P19+J20-M20-O20 -> 675090 | Q20: =Q19+K20-N20 -> 0
A21: 45387 | B21: IS-PV-2024-04-58822 | C21: AC-IS-2024-04-00087 | D21: IS | E21: MIN THET KYAW ZIN | F21: ADV CLEAR FOR ADMIN DEPT; OFFICE REPAIR MAR'24 IS-PV-2024-03-98235,ADV-100,000/-,EXP-102,000/-,BAL-2,000/- | G21: ADMIN | H21: OFFICE REPAIR | I21: OPEX | M21: 2000 | P21: =P20+J21-M21-O21 -> 673090 | Q21: =Q20+K21-N21 -> 0
A22: 45387 | B22: IS-PV-2024-04-58823 | C22: AC-IS-2024-04-00086 | D22: IS | E22: NWE THAZIN | F22: ADV CLEAR FOR SALE DEPT; TA CHGS IS-PV-2024-03-98241,ADV-435,000/-,EXP-456,000/-,BAL-21,000/- | G22: SALE | H22: TA | I22: OPEX | M22: 21000 | P22: =P21+J22-M22-O22 -> 652090 | Q22: =Q21+K22-N22 -> 0
A23: 45387 | B23: IS-PV-2024-04-58825 | C23: AC-IS-2024-04-00085 | D23: IS | E23: NWE THAZIN | F23: ADV CLEAR FOR SALE DEPT; CAR FUEL 5B/7543, FOR MAR'24 IS-PV-2024-03-98230, ADV-200,000/-,EXP-500,000/-,BAL-300,000/- | G23: SALE | H23: FUEL | I23: OPEX | M23: 300000 | P23: =P22+J23-M23-O23 -> 352090 | Q23: =Q22+K23-N23 -> 0
A24: 45387 | B24: IS-RV-2024-04-49813 | D24: MC | E24: HAN NWAI NYEIN | F24: REC FROM MC SERV INCOME FOR KO WAI YAN MMK-150,000/-,INV/04/0003 | G24: SERV | H24: INCOME | I24: INCOME | J24: 150000 | P24: =P23+J24-M24-O24 -> 502090 | Q24: =Q23+K24-N24 -> 0
A25: 45388 | B25: IS-RV-2024-04-49814 | D25: MC | E25: HAN NWAI NYEIN | F25: REC FROM MC SERV INCOME FOR NAING LINN OO-6,000/-,INV/2024/04/006 | G25: SERV | H25: INCOME | I25: INCOME | J25: 6000 | P25: =P24+J25-M25-O25 -> 508090 | Q25: =Q24+K25-N25 -> 0
A26: 45388 | B26: IS-RV-2024-04-49815 | D26: MC | E26: HAN NWAI NYEIN | F26: REC FROM MC SPART INCOME NAING LINN OO-33,000/-,WAI LIN-4900/-,TOTAL-37,900/- | G26: SPART | H26: INCOME | I26: INCOME | J26: 37900 | P26: =P25+J26-M26-O26 -> 545990 | Q26: =Q25+K26-N26 -> 0
A27: 45390 | B27: IS-RV-2024-04-49816 | C27: AMISCIS-2024-04-00004 | D27: IS | E27: HAN NWAI NYEIN | F27: REC FROM CORP CASH FOR RENTAL INCENTIVE FEB'24 -34,740/-,JAN'24 SALE INCENTIVE -60,000/- | G27: F&A | H27: INCENIVE | I27: INCENTIVE | J27: 94740 | P27: =P26+J27-M27-O27 -> 640730 | Q27: =Q26+K27-N27 -> 0
A28: 45390 | B28: IS-PV-2024-04-58826 | C28: AC-BMC-2024-04-00054 | D28: MC | E28: THAE NU WAI | F28: ADV CLEAR FOR ADMIN DEPT; MC BU BIRTHDAY CAKE CHGS FOR MAR'24,IS-PV-2024-03-98246,ADV-18,000/-,EXP-20,000/-,BAL-2,000/- | G28: ADMIN | H28: WELFARE | I28: OPEX | M28: 2000 | P28: =P27+J28-M28-O28 -> 638730 | Q28: =Q27+K28-N28 -> 0
A29: 45390 | B29: IS-PV-2024-04-58827 | C29: AMISCIS-2024-04-00004 | D29: IS | E29: HTET HTET WAI | F29: PAY TO RENTAL DEPT; FOR FEB'24 INCENTIVE MMK-34,740/- | G29: RENTAL | H29: INCENIVE | I29: INCENTIVE | O29: 34740 | P29: =P28+J29-M29-O29 -> 603990 | Q29: =Q28+K29-N29 -> 0
A30: 45390 | B30: IS-PV-2024-04-58828 | C30: CS_MMK_IS-2024-04-00067 | D30: IS | E30: HAN NWAI NYEIN | F30: CASH TRANSFER TO CORP CASH FOR RENTAL INCOME AAA(YG) MMK-250,000/- | G30: F&A | H30: TRANSFER | I30: TRANSFER | O30: 250000 | P30: =P29+J30-M30-O30 -> 353990 | Q30: =Q29+K30-N30 -> 0
A31: 45390 | B31: IS-PV-2024-04-58829 | D31: MC | E31: HAN NWAI NYEIN | F31: CASH TRANSFER TO CORP CASH FOR MC SERV AND PART INCOME MMK-193,900/- | G31: F&A | H31: TRANSFER | I31: TRANSFER | O31: 193900 | P31: =P30+J31-M31-O31 -> 160090 | Q31: =Q30+K31-N31 -> 0
A32: 45391 | B32: IS-RV-2024-04-49817 | D32: MC | E32: HAN NWAI NYEIN | F32: REC FROM MC SPART INCOME KO LIN AUNG -6000/-,3 STARS အပိုပစ္စည်းဆိုင်-69,000/-,SERV- U ZAW-13,000/- | G32: F&A | H32: INCOME | I32: INCOME | J32: 88000 | P32: =P31+J32-M32-O32 -> 248090 | Q32: =Q31+K32-N32 -> 0
A33: 45391 | B33: IS-RV-2024-04-49818 | C33: WBG-BMC-2024-04-00007,WBG-BMC-2024-04-00008 | D33: MC | E33: HAN NWAI NYEIN | F33: REC FROM CORP CASH FOR MC BU BUDGET FOR APR'24 MMK-1,642,500/-,HQT-PV-2024-04-0223 | G33: F&A | H33: BUDGET | I33: BUDGET | J33: 1642500 | P33: =P32+J33-M33-O33 -> 1890590 | Q33: =Q32+K33-N33 -> 0
A34: 45391 | B34: IS-RV-2024-04-49819 | C34: WBG-IS-2024-04-00010 | D34: IS | E34: HAN NWAI NYEIN | F34: REC FROM CORP CASH FOR IS BU BUDGET FOR APR'24 MMK-7,962,500/-,HQT-PV-2024-04-0224 | G34: F&A | H34: BUDGET | I34: BUDGET | J34: 7960500 | P34: =P33+J34-M34-O34 -> 9851090 | Q34: =Q33+K34-N34 -> 0
A35: 45391 | B35: IS-RV-2024-04-49820 | D35: MC | E35: HAN NWAI NYEIN | F35: REC FROM MC PART INCOME KO PHYO -22,200/- | G35: F&A | H35: INCOME | I35: INCOME | J35: 22200 | P35: =P34+J35-M35-O35 -> 9873290 | Q35: =Q34+K35-N35 -> 0
A36: 45391 | B36: IS-RV-2024-04-49821 | C36: RV-IS-2024-04-00002 | D36: IS | E36: HAN NWAI NYEIN | F36: REC FROM CUSTOMER MAK PLY WOOD WAI LIN KO, KPAY -100,000/- | G36: F&A | H36: INCOME | I36: INCOME | J36: 100000 | P36: =P35+J36-M36-O36 -> 9973290 | Q36: =Q35+K36-N36 -> 0
A37: 45391 | B37: IS-PV-2024-04-58824 | C37: AC-IS-2024-04-00102 | D37: IS | E37: NWE THAZIN | F37: ADV CLEAR FOR SERV DEPT; CAR FUEL IS-PV-2024-03-98229,ADV-200,000/-,EXP-360,000/-,BAL-160,000/- | G37: SALE | H37: FUEL | I37: OPEX | M37: 160000 | P37: =P36+J37-M37-O37 -> 9813290 | Q37: =Q36+K37-N37 -> 0
A38: 45391 | B38: IS-PV-2024-04-58830 | C38: EX-IS-2024-04-00044 | D38: IS | E38: HTET HTET WAI | F38: PAY FOR OT CHGS FOR RENTAL DEPT; MFD50R ,A3AF05599, MMK-28,800/- | G38: RENTAL | H38: OT | I38: OPEX | M38: 28800 | P38: =P37+J38-M38-O38 -> 9784490 | Q38: =Q37+K38-N38 -> 0
A39: 45391 | B39: IS-PV-2024-04-58831 | C39: ADV-IS-2024-04-00091 | D39: IS | E39: NWE THAZIN | F39: ADV PAY FOR SERV DEPT; CAR FUEL CAHGS 4M/8616 FOR APR'24,MMK-100,000/- | G39: SERV | H39: FUEL | I39: OPEX | M39: 100000 | P39: =P38+J39-M39-O39 -> 9684490 | Q39: =Q38+K39-N39 -> 0
A40: 45391 | B40: IS-PV-2024-04-58832 | C40: ADV-IS-2024-04-00092 | D40: IS | E40: NWE THAZIN | F40: ADV PAY FOR SALE DEPT; CAR FUEL CHGS FOR 5B/7543 FOR APR'24, MMK-100,000/- | G40: SALE | H40: FUEL | I40: OPEX | M40: 100000 | P40: =P39+J40-M40-O40 -> 9584490 | Q40: =Q39+K40-N40 -> 0
A41: 45391 | B41: IS-PV-2024-04-58833 | C41: ADV-IS-2024-04-00093 | D41: IS | E41: NWE THAZIN | F41: ADV PAY FOR SALE DEPT; TA CHGS FOR THS FOR APR'24 MDY BR-MMK-425,000/- | G41: SALE | H41: TA | I41: OPEX | M41: 425000 | P41: =P40+J41-M41-O41 -> 9159490 | Q41: =Q40+K41-N41 -> 0
A42: 45391 | B42: IS-PV-2024-04-58834 | C42: EX-BMC-2024-04-00048 | D42: MC | E42: NWE THAZIN | F42: PAY FOR MC SALE DPET; TA CHGS BAGO LICENSE CASE AND D.L U AUNG SOE MOE APPOINTMENT, MMK-101,300/- | G42: SALE | H42: TA | I42: OPEX | M42: 101300 | P42: =P41+J42-M42-O42 -> 9058190 | Q42: =Q41+K42-N42 -> 0
A43: 45391 | B43: IS-PV-2024-04-58836 | C43: EX-BMC-2024-04-00049 | D43: MC | E43: NWE THAZIN | F43: PAY FOR MC SALE DEPT; TA CHGS FOR BAGO TRIP CYCLE 43 UNIT LICENSE EXTENSION, MMK-71,800/- | G43: SALE | H43: TA | I43: OPEX | M43: 71800 | P43: =P42+J43-M43-O43 -> 8986390 | Q43: =Q42+K43-N43 -> 0
A44: 45391 | B44: IS-PV-2024-04-58837 | C44: ADV-IS-2024-04-00094 | D44: IS | E44: KYU KYU WIN | F44: ADV PAY FOR PART DEPT; LOCAL PURCHASE HYD OIL IS-A-PRT-076-04-24,MMK-4,200,000/- | G44: PART | H44: LOCAL | I44: COGS | M44: 4200000 | P44: =P43+J44-M44-O44 -> 4786390 | Q44: =Q43+K44-N44 -> 0
A45: 45391 | B45: IS-PV-2024-04-58838 | C45: ADV-IS-2024-04-00095 | D45: IS | E45: KYU KYU WIN | F45: ADV PAY FOR PART DEPT; LOCAL PURCHASE TYRE IS-A-PRT-075-04-24,MMK-1,100,000/- | G45: PART | H45: LOCAL | I45: COGS | M45: 1100000 | P45: =P44+J45-M45-O45 -> 3686390 | Q45: =Q44+K45-N45 -> 0
A46: 45391 | B46: IS-PV-2024-04-58839 | C46: ADV-IS-2024-04-00096 | D46: IS | E46: KYU KYU WIN | F46: ADV PAY FOR PART DEPT; LOCAL PURCHASE BATTERY IS-A-PRT-077-04-24,MMK-325,000/- | G46: PART | H46: LOCAL | I46: COGS | M46: 325000 | P46: =P45+J46-M46-O46 -> 3361390 | Q46: =Q45+K46-N46 -> 0
A47: 45391 | B47: IS-PV-2024-04-58840 | C47: ADV-IS-2024-04-00097 | D47: IS | E47: KYU KYU WIN | F47: ADV PAY FOR PART DEPT; LOCAL PURCHASE BATTERY IS-A-PRT-078-04-24,MMK-325,000/- | G47: PART | H47: LOCAL | I47: COGS | M47: 325000 | P47: =P46+J47-M47-O47 -> 3036390 | Q47: =Q46+K47-N47 -> 0
A48: 45391 | B48: IS-PV-2024-04-58841 | C48: ADV-IS-2024-04-00098 | D48: IS | E48: KYU KYU WIN | F48: ADV PAY FOR PART DEPT; LOCAL PURCHASE HPT WHEEL AND PIN IS-A-PRT-079-04-24,MMK-24,000/- | G48: PART | H48: LOCAL | I48: COGS | M48: 24000 | P48: =P47+J48-M48-O48 -> 3012390 | Q48: =Q47+K48-N48 -> 0
... A50: 45391 | B50: IS-PV-2024-04-58843 | C50: ADV-IS-2024-04-00100 | D50: IS | E50: MIN THET KYAW ZIN | F50: ADV PAY FOR ADMIN DEPT; METER BILL CHGS FOR IS & MC BU,MAR'24 MMK-200,000/- | G50: ADMIN | H50: ELECTRICITY | I50: OPEX | M50: 200000 | P50: =P49+J50-M50-O50 -> 2212390 | Q50: =Q49+K50-N50 -> 0
A51: 45392 | B51: IS-PV-2024-04-58844 | C51: AMISCIS-2024-04-00005 | D51: IS | E51: NWE THAZIN | F51: PAY FOR SALE DPET; INCENTIVE CHGS FOR U HTUN LIN KOLOWA (3U) FOR JAN'24 MMK-60,000/- | G51: SALE | H51: INCENIVE | I51: INCENTIVE | O51: 60000 | P51: =P50+J51-M51-O51 -> 2152390 | Q51: =Q50+K51-N51 -> 0
A52: 45392 | B52: IS-PV-2024-04-58845 | C52: EX-BMC-2024-04-00050 | D52: MC | E52: THAE NU WAI | F52: PAY FOR ADMIN DEPT; FOR OT CHGS FOR MAR'24 SECURITY MMK-344,000/- | G52: ADMIN | H52: OT | I52: OPEX | M52: 344000 | P52: =P51+J52-M52-O52 -> 1808390 | Q52: =Q51+K52-N52 -> 0
A53: 45392 | B53: IS-PV-2024-04-58846 | C53: ADV-BMC-2024-04-00043 | D53: MC | E53: THAE NU WAI | F53: ADV PAY FOR MC ADMIN DEPT; OPERATION CHGS FOR APR'24,MMK-200,000/- | G53: ADMIN | H53: OPERATION | I53: OPEX | M53: 200000 | P53: =P52+J53-M53-O53 -> 1608390 | Q53: =Q52+K53-N53 -> 0
A54: 45392 | B54: IS-PV-2024-04-58847 | C54: EX-BMC-2024-04-00051 | D54: MC | E54: THAE NU WAI | F54: PAY FOR ADMIN DEPT; FOR COPY AND BINDING CHGS FOR EC CONTRACT BOOK FOR MC BU MMK-66,500/- | G54: ADMIN | H54: COPY AND BINDING | I54: OPEX | M54: 66500 | P54: =P53+J54-M54-O54 -> 1541890 | Q54: =Q53+K54-N54 -> 0
A55: 45392 | B55: IS-PV-2024-04-58848 | C55: EX-BMC-2024-04-00052 | D55: MC | E55: THAE NU WAI | F55: PAY FOR ADMIN DEPT; FOR CAR FUEL 7N/2948 MA WIN THEINGI NEW CAR FOR MAR'24 TOYOTA,MMK-100,000/- | G55: ADMIN | H55: FUEL | I55: OPEX | M55: 100000 | P55: =P54+J55-M55-O55 -> 1441890 | Q55: =Q54+K55-N55 -> 0
A56: 45392 | B56: IS-PV-2024-04-58849 | C56: ADV-BMC-2024-04-00044 | D56: MC | E56: THAE NU WAI | F56: ADV PAY FOR ADMIN DEPT; FOR BUDDISH FLOWER FOR APR'24 MMK-50000/- | G56: ADMIN | H56: MISCELLANEOUS | I56: OPEX | M56: 50000 | P56: =P55+J56-M56-O56 -> 1391890 | Q56: =Q55+K56-N56 -> 0
A57: 45392 | B57: IS-PV-2024-04-58850 | C57: ADV-BMC-2024-04-00045 | D57: MC | E57: THAE NU WAI | F57: ADV PAY FOR ADMIN DEPT; DOG FEEDS FOR APR'24, MMK-70,000/- | G57: ADMIN | H57: MISCELLANEOUS | I57: OPEX | M57: 70000 | P57: =P56+J57-M57-O57 -> 1321890 | Q57: =Q56+K57-N57 -> 0
A58: 45392 | B58: IS-PV-2024-04-58851 | C58: ADV-IS-2024-04-00101 | D58: IS | E58: MIN THET KYAW ZIN | F58: ADV PAY FOR ADMIN DEPT; BIRTHDAY CAKE CHGS FOR IS BU MMK-36,000/- | G58: ADMIN | H58: WELFARE | I58: OPEX | M58: 36000 | P58: =P57+J58-M58-O58 -> 1285890 | Q58: =Q57+K58-N58 -> 0
A59: 45392 | B59: IS-PV-2024-04-58852 | C59: ADV-IS-2024-04-00102 | D59: IS | E59: MIN THET KYAW ZIN | F59: PAY FOR ADMIN DEPT; UNIFORM CHGS FOR ZAW MYO MYINT (3PCS) MMK-90500/- | G59: ADMIN | H59: UNIFORM | I59: OPEX | M59: 90500 | P59: =P58+J59-M59-O59 -> 1195390 | Q59: =Q58+K59-N59 -> 0
A60: 45392 | B60: IS-RV-2024-04-49822 | D60: MC | E60: HAN NWAI NYEIN | F60: REC FROM MC SPART INCOME U MG MG -45,700/-,U ZAW ZAW MIN-59200/-,TOTAL/-104,900/- | G60: F&A | H60: INCOME | I60: INCOME | J60: 104900 | P60: =P59+J60-M60-O60 -> 1300290 | Q60: =Q59+K60-N60 -> 0
A61: 45392 | B61: IS-PV-2024-04-58853 | C61: CS_MMK_IS-2024-04-00066 | D61: IS | E61: HAN NWAI NYEIN | F61: CASH TRANSFER TO CORP CASH FRO UNIT INCOME MAK PLY WOOD MMK-100,000/-,HQT-RV-2024-04-0363 | G61: F&A | H61: TRANSFER | I61: TRANSFER | O61: 100000 | P61: =P60+J61-M61-O61 -> 1200290 | Q61: =Q60+K61-N61 -> 0
A62: 45392 | B62: IS-PV-2024-04-58854 | C62: AMISCIS-2024-04-00006 | D62: IS | E62: MIN THET KYAW ZIN | F62: ADV PAY FOR ADMIN DPET; OFFICE SUPPLIES CHGS FOR THINGYAN FESTRIAL MMK-100,000/- | G62: ADMIN | H62: OFFICE SUPPLIE | I62: OPEX | M62: 100000 | P62: =P61+J62-M62-O62 -> 1100290 | Q62: =Q61+K62-N62 -> 0
A63: 45392 | B63: IS-PV-2024-04-58855 | C63: AC-BMC-2024-04-00055 | D63: MC | E63: MIN THET KYAW ZIN | F63: ADV CLEAR FOR ADMIN DEPT; CAR FUEL FOR 6H/1209 MAR'24 IS-PV-2024-03-98269,ADV-150,000/-,EXP-185,000/-,BAL-35,000/- | G63: ADMIN | H63: FUEL | I63: OPEX | M63: 35000 | P63: =P62+J63-M63-O63 -> 1065290 | Q63: =Q62+K63-N63 -> 0
A64: 45392 | B64: IS-PV-2024-04-58856 | C64: AC-IS-2024-04-00103 | D64: IS | E64: MIN THET KYAW ZIN | F64: ADV CLEAR FOR ADMIN DEPT; CAR FUEL FOR 7H/8491 FOR MAR'24 IS-PV-2024-03-98268,ADV-250,000/-,EXP-350,000/-,BAL-100,000/- | G64: ADMIN | H64: FUEL | I64: OPEX | M64: 100000 | P64: =P63+J64-M64-O64 -> 965290 | Q64: =Q63+K64-N64 -> 0
A65: 45392 | B65: IS-PV-2024-04-58857 | C65: ADV-BMC-2024-04-00046 | D65: MC | E65: THIRI SOE | F65: ADV PAY FOR MC SALE DEPT; TA CHGS FOR APR'24 , PSM-(BAGO ,NPT & MYIN CHAN), HAK -(BAGO AND PTN) ,MMK-526,900/- | G65: SALE | H65: TA | I65: OPEX | M65: 526900 | P65: =P64+J65-M65-O65 -> 438390 | Q65: =Q64+K65-N65 -> 0
A66: 45392 | B66: IS-PV-2024-04-58858 | D66: MC | E66: HAN NWAI NYEIN | F66: CASH TRANSFER TO CORP CASH FOR MC SPART INCOME 215,100/-,HQT-RV-2024-04-0364,HQT-RV-2024-04-0351 | G66: F&A | H66: TRANSFER | I66: TRANSFER | O66: 215100 | P66: =P65+J66-M66-O66 -> 223290 | Q66: =Q65+K66-N66 -> 0
A67: 45392 | B67: IS-PV-2024-04-58859 | C67: ADV-IS-2024-04-00103 | D67: IS | E67: MIN THET KYAW ZIN | F67: ADV PAY FOR ADMIN DEPT; CAR FUEL CHG FOR AGM APR'24 7H/8491,MMK-125,000/- | G67: ADMIN | H67: FUEL | I67: OPEX | M67: 125000 | P67: =P66+J67-M67-O67 -> 98290 | Q67: =Q66+K67-N67 -> 0
A68: 45392 | B68: IS-PV-2024-04-58860 | C68: ADV-BMC-2024-04-00047 | D68: MC | E68: MIN THET KYAW ZIN | F68: ADV PAY FOR ADMIN DEPT; CAR FUEL CHG FOR OM APR'24 6H/1209,MMK-75,000/- | G68: ADMIN | H68: FUEL | I68: OPEX | M68: 75000 | P68: =P67+J68-M68-O68 -> 23290 | Q68: =Q67+K68-N68 -> 0
A69: 45392 | B69: IS-RV-2024-04-49823 | D69: IS | E69: KHIN YADANAR HTUN | F69: REC FROM UNIT CUSTOMER MEIK SET INCOME 78-UNT-SI-20070002,4333*3870=16,768,710 KS,CASH =14,000,000/-,KPAY=2,768,710KS {PPZ'S KPAY} | G69: F&A | H69: INCOME | I69: INCOME | J69: 16768710 | P69: =P68+J69-M69-O69 -> 16792000 | Q69: =Q68+K69-N69 -> 0
A70: 45392 | B70: IS-RV-2024-04-49824 | C70: RV-IS-2024-04-00010 | D70: IS | E70: HTET HTET WAI | F70: REC FROM RENTAL INCOME FOR NEW WORLD DEVELOPMENT ONE DUTY-250,000/- | G70: RENTAL | H70: INCOME | I70: INCOME | J70: 250000 | P70: =P69+J70-M70-O70 -> 17042000 | Q70: =Q69+K70-N70 -> 0
A71: 45392 | B71: IS-PV-2024-04-58861 | D71: IS | E71: KHIN YADANAR HTUN | F71: CASH TRANSFER TO CORP CASH FOR MEIK SET MMK-16,768,710/-,HQT-RV-2024-04-0379 | G71: F&A | H71: TRANSFER | I71: TRANSFER | O71: 16768710 | P71: =P70+J71-M71-O71 -> 273290 | Q71: =Q70+K71-N71 -> 0
A72: 45392 | B72: AMISCIS-2024-04-00007 | C72: AMISCIS-2024-04-00007 | D72: IS | E72: HAN NWAI NYEIN | F72: CASH REC FROM MC FOR BUDGET TRANSFER MMK-35010/- AMISCBMC-2024-04-00009 | G72: F&A | H72: TRANSFER | I72: TRANSFER | J72: 35010 | P72: =P71+J72-M72-O72 -> 308300 | Q72: =Q71+K72-N72 -> 0
A73: 45392 | B73: AMISCBMC-2024-04-00009 | C73: AMISCBMC-2024-04-00009 | D73: MC | E73: HAN NWAI NYEIN | F73: CASH TRANSFER TO IS FOR BUDGET MMK-35010/- | G73: F&A | H73: TRANSFER | I73: TRANSFER | O73: 35010 | P73: =P72+J73-M73-O73 -> 273290 | Q73: =Q72+K73-N73 -> 0
A74: 45393 | B74: IS-RV-2024-04-49825 | C74: AC-IS-2024-04-00108 | D74: IS | E74: KYU KYU WIN | F74: ADV CLEAR FOR PART DEPT; HYD LOCAL PURCHASE PO-PRT-IS-2024-04-00001,IS-PV-2024-04-58837,ADV-4,200,000/-,EXP-3,612,000/-,BAL-588,000/- | G74: PART | H74: LOCAL | I74: COGS | J74: 588000 | P74: =P73+J74-M74-O74 -> 861290 | Q74: =Q73+K74-N74 -> 0
A75: 45393 | B75: IS-RV-2024-04-49826 | C75: AC-IS-2024-04-00107 | D75: IS | E75: KYU KYU WIN | F75: ADV CLEAR FOR PART DEPT; TYRE LOCAL PURCHASE PO-PRT-IS-2024-04-00003,IS-PV-2024-04-58838,ADV-1,100,000/-,EXP-1,045,000/-,BAL-55,000/- | G75: PART | H75: LOCAL | I75: COGS | J75: 55000 | P75: =P74+J75-M75-O75 -> 916290 | Q75: =Q74+K75-N75 -> 0
A76: 45393 | B76: IS-RV-2024-04-49827 | C76: AC-BMC-2024-04-00057 | D76: MC | E76: AYE THANDAR HTWE | F76: ADV CLEAR FOR MC PART DEPT; BLITZ ASSEMBLY NEED PART CHGS IS-PV-2024-03-98262,ADV-500,000/-,EXP-0,BAL-500,000/- | G76: PART | H76: LOCAL | I76: COGS | J76: 500000 | P76: =P75+J76-M76-O76 -> 1416290 | Q76: =Q75+K76-N76 -> 0
A77: 45393 | B77: IS-RV-2024-04-49828 | C77: AC-BMC-2024-04-00056 | D77: MC | E77: AYE THANDAR HTWE | F77: ADV CLEAR FOR MC PART DEPT; CARGO ASSEMBLY NEED PART CHGS IS-PV-2024-03-98261,ADV-500,000/-,EXP-0,BAL-500,000/- | G77: PART | H77: LOCAL | I77: COGS | J77: 500000 | P77: =P76+J77-M77-O77 -> 1916290 | Q77: =Q76+K77-N77 -> 0
A78: 45393 | B78: IS-RV-2024-04-49829 | C78: AC-BMC-2024-04-00060 | D78: MC | E78: AYE THANDAR HTWE | F78: ADV CLEAR FOR MC PART DEPT; LOCAL PURCHASE SPO/MC/PT/2024/03/002 IS-PV-2024-03-58805,ADV-336,000/-,EXP-0,BAL-336,000/- | G78: PART | H78: LOCAL | I78: COGS | J78: 336000 | P78: =P77+J78-M78-O78 -> 2252290 | Q78: =Q77+K78-N78 -> 0
A79: 45393 | B79: IS-RV-2024-04-49830 | C79: AC-BMC-2024-04-00059 | D79: MC | E79: AYE THANDAR HTWE | F79: ADV CLEAR FOR MC SERV DEPT; UMG MOTOR SERVICE TRANSFER TEST RUN FUEL CHGS IS-PV-2024-03-98215,ADV-200,000/-,EXP-166,000,BAL-34,000/- | G79: SERV | H79: MACHINE RPAIR | I79: COGS | J79: 34000 | P79: =P78+J79-M79-O79 -> 2286290 | Q79: =Q78+K79-N79 -> 0
A80: 45393 | B80: IS-PV-2024-04-58862 | C80: AC-BMC-2024-04-00067 | D80: MC | E80: AYE THANDAR HTWE | F80: ADV CLEAR FOR MC SERV DEPT; COLOR PAINTING CHGS SELENA & DAMON IS-PV-2024-03-98265,ADV-1,000,000/-,EXP-1,825,000,BAL-825,000/- | G80: SERV | H80: MACHINE RPAIR | I80: COGS | M80: 825000 | P80: =P79+J80-M80-O80 -> 1461290 | Q80: =Q79+K80-N80 -> 0
A81: 45393 | B81: IS-PV-2024-04-58863 | C81: AC-BMC-2024-04-00062 | D81: MC | E81: AYE THANDAR HTWE | F81: ADV CLEAR FOR MC SERV DEPT; RCJ 792 ROOF SHEET & NEW MAKING SOFA IS-PV-2024-03-98263,ADV-300,000/-,EXP-301,600/-,BAL-1,600/- | G81: SERV | H81: MACHINE RPAIR | I81: COGS | M81: 1600 | P81: =P80+J81-M81-O81 -> 1459690 | Q81: =Q80+K81-N81 -> 0
A82: 45393 | B82: IS-PV-2024-04-58864 | C82: AC-BMC-2024-04-00063 | D82: MC | E82: AYE THANDAR HTWE | F82: ADV CLEAR FOR MC SERV DEPT; RCJ ASSEMBLY NEED PART CHGS IS-PV-2024-03-98264,ADV-300,000/-,EXP-301,000/-,BAL-1,000/- | G82: SERV | H82: MACHINE RPAIR | I82: COGS | M82: 1000 | P82: =P81+J82-M82-O82 -> 1458690 | Q82: =Q81+K82-N82 -> 0
A83: 45393 | B83: IS-PV-2024-04-58865 | C83: AC-BMC-2024-04-00058 | D83: MC | E83: AYE THANDAR HTWE | F83: ADV CLEAR FOR MC SERV DEPT; UMG MOTOR REPAIR CHGS IS-PV-2024-03-98213,ADV-500,000/-,EXP-500,900/-,BAL-900/- | G83: SERV | H83: MACHINE RPAIR | I83: COGS | M83: 900 | P83: =P82+J83-M83-O83 -> 1457790 | Q83: =Q82+K83-N83 -> 0
A84: 45393 | B84: IS-PV-2024-04-58866 | C84: AC-BMC-2024-04-00064 | D84: MC | E84: AYE THANDAR HTWE | F84: ADV CLEAR FOR MC SERV DEPT; LOCAL PURCHASE SPO/MC/PT/2024/04/001/,002/ IS-PV-2024-03-58804,ADV-693,000/-,EXP-974,000/-,BAL-281,000/- | G84: PART | H84: LOCAL | I84: COGS | M84: 281000 | P84: =P83+J84-M84-O84 -> 1176790 | Q84: =Q83+K84-N84 -> 0
A85: 45393 | B85: IS-PV-2024-04-58867 | C85: AC-BMC-2024-04-00065 | D85: MC | E85: AYE THANDAR HTWE | F85: ADV CLEAR FOR MC SERV DEPT; LOCAL PURCHASE SPO/MC/PT/2024/04/001/ IS-PV-2024-03-98212,ADV-200,000/-,EXP-220,000/-,BAL-20,000/- | G85: PART | H85: LOCAL | I85: COGS | M85: 20000 | P85: =P84+J85-M85-O85 -> 1156790 | Q85: =Q84+K85-N85 -> 0
A86: 45393 | B86: IS-PV-2024-04-58868 | C86: AC-BMC-2024-04-00066 | D86: MC | E86: AYE THANDAR HTWE | F86: ADV CLEAR FOR MC SERV DEPT; LOCAL PURCHASE SPO/MC/PT/2024/02/003/,005/ IS-PV-2024-03-58806,ADV-360,000/-,EXP-495,000/-,BAL-135,000/- | G86: PART | H86: LOCAL | I86: COGS | M86: 135000 | P86: =P85+J86-M86-O86 -> 1021790 | Q86: =Q85+K86-N86 -> 0
A87: 45393 | B87: IS-PV-2024-04-58870 | C87: CS_MMK_IS-2024-04-00068 | D87: IS | E87: HAN NWAI NYEIN | F87: CASH TRANSFER TO CORP CASH FOR RENTAL INCOME NEW WORLD DEVELOPMENT MMK-250,000/- | G87: RENTAL | H87: TRANSFER | I87: TRANSFER | O87: 250000 | P87: =P86+J87-M87-O87 -> 771790 | Q87: =Q86+K87-N87 -> 0
A88: 45393 | B88: IS-PV-2024-04-58870 | C88: AMISCIS-2024-04-00001 | D88: IS | E88: HAN NWAI NYEIN | F88: CASH TRANSFER TO CORP CASH FOR IS BU BUDGET REFUND MMK-643,000/- | G88: F&A | H88: BUDGET REFUND | I88: BUDGET REFUND | O88: 643000 | P88: =P87+J88-M88-O88 -> 128790 | Q88: =Q87+K88-N88 -> 0
A89: 45393 | B89: IS-PV-2024-04-58871 | C89: AMISCBMC-2024-04-00010 | D89: MC | E89: HAN NWAI NYEIN | F89: CASH TRANSFER TO CORP CASH FOR MC BU BUDGET REFUND MMK-128,790/- | G89: F&A | H89: BUDGET REFUND | I89: BUDGET REFUND | O89: 128790 | P89: =P88+J89-M89-O89 -> 0 | Q89: =Q88+K89-N89 -> 0
A90: 45404 | B90: IS-RV-2024-04-49831 | C90: RV-IS-2024-04-00012 | D90: IS | E90: HTET HTET WAI | F90: REC FROM RENTAL CUSTOMER AAA(YG) HALF DUTY MMK-150,000/- | G90: RENTAL | H90: INCOME | I90: INCOME | J90: 150000 | P90: =P89+J90-M90-O90 -> 150000 | Q90: =Q89+K90-N90 -> 0
A91: 45406 | B91: IS-RV-2024-04-49832 | D91: MC | E91: HAN NWAI NYEIN | F91: REC FROM MC SERV INCOME KO ZAW MIN -5000/-,MC PART INCOME KO AUNG SOE-7200/-,NAING LIN -139,700/-(KPAY), TOTAL-151,900/- | G91: F&A | H91: INCOME | I91: INCOME | J91: 151900 | P91: =P90+J91-M91-O91 -> 301900 | Q91: =Q90+K91-N91 -> 0
A92: 45406 | B92: IS-RV-2024-04-49833 | D92: MC | E92: HAN NWAI NYEIN | F92: Received From Customer for Unit Final Bal Chgs Name Daw Tin Tin Htun ks444/- Paid by Customer | G92: F&A | H92: INCOME | I92: INCOME | J92: 450 | P92: =P91+J92-M92-O92 -> 302350 | Q92: =Q91+K92-N92 -> 0
A93: 45407 | B93: IS-RV-2024-04-49834 | D93: IS | E93: HAN NWAI NYEIN | F93: REC FROM CORP CASH FOR 2ND WEEK BUDGET FOR APR'24 MMK-2,700,000/-,HQT-PV-2024-04-0457 | G93: F&A | H93: BUDGET | I93: BUDGET | J93: 2700000 | P93: =P92+J93-M93-O93 -> 3002350 | Q93: =Q92+K93-N93 -> 0
A94: 45407 | B94: IS-RV-2024-04-49835 | D94: MC | E94: HAN NWAI NYEIN | F94: REC FROM CORP CASH FOR 2ND WEEK BUDGET FOR APR'24 MMK-4,000,000/-,HQT-PV-2024-04-0458 | G94: F&A | H94: BUDGET | I94: BUDGET | J94: 4000000 | P94: =P93+J94-M94-O94 -> 7002350 | Q94: =Q93+K94-N94 -> 0
A95: 45407 | B95: IS-RV-2024-04-49836 | D95: IS | E95: HAN NWAI NYEIN | F95: REC FROM RENTAL INCOME FOR CUSTOMER GREEN MYANMAR DRAGON CO.,LTD HALF DUTY MMK-250,000/-,MFD50R,A3AF05599, | G95: RENTAL | H95: INCOME | I95: INCOME | J95: 250000 | P95: =P94+J95-M95-O95 -> 7252350 | Q95: =Q94+K95-N95 -> 0
A96: 45407 | B96: IS-RV-2024-04-49837 | D96: IS | E96: HAN NWAI NYEIN | F96: REC FROM RENTAL INCOME FOR CUSTOMER AAA(YG) FD20NT CF18C-30049,MMK-150,000/-HALF DUTY | G96: RENTAL | H96: INCOME | I96: INCOME | J96: 150000 | P96: =P95+J96-M96-O96 -> 7402350 | Q96: =Q95+K96-N96 -> 0
A97: 45407 | B97: IS-PV-2024-04-58872 | C97: ADV-IS-2024-04-00104 | D97: IS | E97: MIN THET KYAW ZIN | F97: ADV PAY FOR ADMIN DEPT; FOR BIRTHDAY CAKE CHGS MMK-18,000/- | G97: ADMIN | H97: WELFARE | I97: OPEX | M97: 18000 | P97: =P96+J97-M97-O97 -> 7384350 | Q97: =Q96+K97-N97 -> 0
A98: 45407 | B98: IS-PV-2024-04-58873 | C98: ADV-BMC-2024-04-00048 | D98: MC | E98: MIN THET KYAW ZIN | F98: ADV PAY FOR ADMIN DPET; FOR GARBAGE TANK CLEANING CHGS FOR YCDC MMK-85,000/- | G98: ADMIN | H98: YCDC | I98: OPEX | M98: 85000 | P98: =P97+J98-M98-O98 -> 7299350 | Q98: =Q97+K98-N98 -> 0
A99: 45407 | B99: IS-RV-2024-04-49838 | C99: AC-IS-2024-04-00111 | D99: IS | E99: MIN THET KYAW ZIN | F99: ADV CLEAR FOR ADMIN DEPT; METER BILL CHGS FOR MAR'24 IS-PV-2024-04-58843,ADV-200,000/-,EXP-150,760/-,BAL-49,240/- | G99: ADMIN | H99: ELECTRICITY | I99: OPEX | J99: 49240 | P99: =P98+J99-M99-O99 -> 7348590 | Q99: =Q69+K99-N99 -> 0
A100: 45407 | B100: IS-PV-2024-04-58874 | C100: AMISCIS-2024-04-00009 | D100: IS | E100: MIN THET KYAW ZIN | F100: ADV CLEAR FOR ADMIN DEPT; FOR OFFICE SUPPLIES CHGS FOR THINGYAN FESTIVAL TO DONATE THE MONKS IS-PV-2024-04-58854, ADV-100,000/-,EXP-128,350/-,BAL-28,350/- | G100: ADMIN | H100: OFFICE SUPPLIE | I100: OPEX | M100: 28350 | P100: =P99+J100-M100-O100 -> 7320240 | Q100: =Q70+K100-N100 -> 0
A101: 45407 | B101: IS-PV-2024-04-58876 | C101: ADV-IS-2024-04-00105 | D101: IS | E101: NWE THAZIN | F101: ADV PAY FOR SALE DEPT; FOR FACKBOOK BOOSTING CHGS FOR APR'24,MMK-300,000/- | G101: SALE | H101: BOOSTING | I101: OPEX | M101: 300000 | P101: =P100+J101-M101-O101 -> 7020240 | Q101: =Q71+K101-N101 -> 0
...

Sheet Car Fuel
A1: Car Fuel Request
A2: Car No | B2: Budget | C2: Actual | D2: Varieance | E2: Reamrk
A3: 7H/8491 | D3: =B3-C3 -> 0 | E3: GM
A4: 4M/8616 | D4: =B4-C4 -> 0 | E4: SRV
A5: 4I/8004 | D5: =B5-C5 -> 0 | E5: UNIT SALE
A6: 3K/7313 | D6: =B6-C6 -> 0 | E6: UNIT SALE
C7: Total MMK | D7: =D3+D4+D5+D6 -> 0
A13: Request BY | B13: Check By | C13: Check By | D13: Approved By
A15: Thu Zar Mon | B15: Mgr/DH | C15: Finance/Account | D15: GM/AGM/COO

Sheet ANALYSIS
B2: Total | C2: Opex | D2: COGS
A3: Budget | B3: ='Budget Vs Actual Format'!C78 -> 26948145 | C3: ='Budget Vs Actual Format'!C57 -> 4001000 | D3: ='Budget Vs Actual Format'!C70 -> 22947145
A4: Actual | B4: ='Budget Vs Actual Format'!E78 -> 20280545 | C4: ='Budget Vs Actual Format'!E57 -> 3520000 | D4: ='Budget Vs Actual Format'!E70 -> 16760545
A5: Achiv | B5: =B4/B3 -> 0.75257666 | C5: =C4/C3 -> 0.87978005 | D5: =D4/D3 -> 0.73039783

Sheet approval

Sheet approval 2
